Workbook
Name Print_Area: EQUIPOS!$A$1:$H$146
Name Print_Area: ÍNDICE!$A$1:$P$450
Name Print_Area: 'MANO DE OBRA'!$A$1:$H$79
Name Print_Area: MATERIALES!$A$1:$F$386
Name Print_Area: MENU!$A$1:$K$24
Name Print_Area: PORTADA!$A$1:$L$24
Name Print_Area: TRANSPORTE!$A$1:$G$41

Sheet PORTADA
N2: REF PROV: | O2: 2
N3: DEPTM: | O3: ANTIOQUIA
N4: NOMBRE: | O4: ANTIOQUIA - VALLE DE ABURRA
O5: VALLE DE ABURRA
H18: =O4 -> ANTIOQUIA - VALLE DE ABURRA
A23: AVISO LEGAL: | B23: El presente documento es propiedad del Instituto Nacional de Vías; su uso con fines comerciales o de lucro a cualquier título sin previa autorización, está totalmente prohibido y constituye una infracción a la normatividad vigente.
K36: =IFERROR(VLOOKUP(B36,EQUIPOS!$C$6:$G$151,5,0),0) -> 0
N56: =K56*L56 -> 0

Sheet MENU
A23: Este documento se construye apoyado en las resoluciones INVIAS número 2451 del 15 de julio de 2022 y número 4561 de 29 de noviembre del 2022; información relacionada puede ser consultada a traves de la página www.invias.gov.co y/o a través del correo electrónico: preciosunitarios@invias.gov.co
K35: =IFERROR(VLOOKUP(B35,EQUIPOS!$C$6:$G$151,5,0),0) -> 0
N55: =K55*L55 -> 0

Sheet LISTADO PROVINCIAS
B2: INSTITUTO NACIONAL DE VÍAS LISTADO DE PROVINCIAS POR DEPARTAMENTOS DE COLOMBIA - SEGÚN EL DANE | I2: ACTUALIZACIÓN 2023-1
B3: DEPARTAMENTOS | D3: PROVINCIAS | H3: MUNICIPIOS
B4: # | C4: Nombre Departamento | D4: Cant. por dpto | E4: # | F4: Código provincia | G4: Nombre provincia | H4: Municipios | I4: Cant. Municipios
B5: 1 | C5: Amazonas | D5: 1 | E5: 1 | F5: 9100 | G5: Selva Amazonica | H5: Leticia, Puerto Nariño, El Encanto, La Chorrera, La Pedrera, La Victoria, Miriti - Paraná, Puerto Alegria, Puerto Arica, Puerto Santander, Tarapacá | I5: 12
B6: 2 | C6: Antioquia | D6: 9 | E6: 2 | F6: 0501 | G6: Bajo Cauca | H6: Caucasia, Tarazá, El Bagre, Nechí, Zaragoza, Cáceres | I6: 6
E7: 3 | F7: 0502 | G7: Magdalena Medio | H7: Puerto Berrío, Yondó, Puerto Nare, Puerto Triunfo, Caracolí, Maceo | I7: 6
E8: 4 | F8: 0503 | G8: Nordeste | H8: Segovia, Amalfi, Remedios, Cisneros, Yolombó, Anorí, San Roque, Vegachí, Yalí, Santo Domingo | I8: 11
E9: 5 | F9: 0504 | G9: Norte | H9: Yarumal, Santa Rosa de Osos, Don Matías, San Pedro, Valdivia, Gómez Plata, Ituango, Entrerríos, Carolina, Campamento, Briceño, San Andrés de Cuerquia, San José de la Montaña, Guadalupe, Belmira, Angostura, Toledo | I9: 17
E10: 6 | F10: 0505 | G10: Occidente | H10: Santafé de Antioquia, Dabeiba, Sopetrán, Frontino, Cañasgordas, San Jerónimo, Heliconia, Sabanalarga, Uramita, Ebéjico, Peque, Liborina, Buriticá, Armenia, Giraldo, Anza, Abriaquí, Olaya | I10: 18
E11: 7 | F11: 0506 | G11: Oriente | H11: Rionegro, La Ceja, Marinilla, El Carmen de Viboral, El Santuario, Guarne, Sonsón, La Unión, Retiro, Peñol, San Vicente, Abejorral, San Rafael, San Carlos, San Luis, Guatapé, Cocorná, Granada, Argelia, Nariño, San Francisco, Alejandría, Concepción | I11: 22
E12: 8 | F12: 0507 | G12: Suroeste | H12: Andes, Urrao, Amagá, Ciudad Bolívar, Santa Bárbara, Salgar, Concordia, Fredonia, Jericó, Titiribí, Jardín, Venecia, Támesis, Betulia, La Pintada, Angelópolis, Tarso, Betania, Pueblorrico, Valparaíso, Hispania, Caramanta, Montebello, Caicedo | I12: 24
E13: 9 | F13: 0508 | G13: Uraba | H13: Apartadó, Chigorodó, Turbo, Carepa, Arboletes, Necoclí, San Pedro de Urabá, San Juan de Urabá, Mutatá, Vigía del Fuerte, Murindó | I13: 11
E14: 10 | F14: 0509 | G14: Valle de Aburra | H14: Medellín, Bello, Itagüí, Envigado, Caldas, Copacabana, Sabaneta, La Estrella, Girardota, Barbosa | I14: 10
B15: 3 | C15: Arauca | D15: 1 | E15: 11 | F15: 8100 | G15: Arauca | H15: Arauca, Arauquita, Saravena, Tame, Fortul, Puerto Rondón, Cravo Norte | I15: 7
B16: 4 | C16: Atlántico | D16: 4 | E16: 12 | F16: 0802 | G16: Norte | H16: Barranquilla, Soledad, Malambo, Galapa, Puerto Colombia | I16: 5
E17: 13 | F17: 0804 | G17: Sur | H17: Repelón, Manatí, Campo de la Cruz, Luruaco, Santa Lucía, Candelaria, Suán | I17: 7
E18: 14 | F18: 0801 | G18: Centro Oriente | H18: Sabanalarga, Baranoa, Sabanagrande, Palmar de Varela, Santo Tomás, Polonuevo, Ponedera | I18: 7
E19: 15 | F19: 0803 | G19: Occidental | H19: Juan de Acosta, Usiacurí, Tubará, Piojó | I19: 4
B20: 5 | C20: Bolívar | D20: 6 | E20: 16 | F20: 1301 | G20: Depresion Momposina | H20: Mompós, Cicuco, Talaigua Nuevo, Hatillo de Loba, San Fernando, Margarita | I20: 6
E21: 17 | F21: 1302 | G21: Dique Bolivarense | H21: Cartagena, Turbaco, Arjona, Villanueva, Santa Rosa, Turbaná, Calamar, San Estanislao, Clemencia, Mahates, Soplaviento, Arroyohondo, San Cristóbal, Santa Catalina | I21: 14
E22: 18 | F22: 1303 | G22: Loba | H22: Río Viejo, Altos del Rosario, San Martín de Loba, Barranco de Loba, Regidor, El Peñón, Norosí | I22: 7
E23: 19 | F23: 1304 | G23: Magdalena Medio Bolivarense | H23: San Pablo, Santa Rosa del Sur, Simití, Morales, Arenal, Cantagallo | I23: 6
E24: 20 | F24: 1305 | G24: Mojana Bolivarense | H24: Magangué, Montecristo, Tiquisio, Achí, San Jacinto del Cauca, Pinillos | I24: 6
E25: 21 | F25: 1306 | G25: Montes de María | H25: El Carmen de Bolívar, San Juan Nepomuceno, María La Baja, San Jacinto, Zambrano, El Guamo, Córdoba | I25: 7
B26: 6 | C26: Boyacá | D26: 13 | E26: 22 | F26: 1501 | G26: Centro | H26: Tunja, Samacá, Toca, Tuta, Chivatá, Ventaquemada, Cucaita, Siachoque, Cómbita, Motavita, Soracá, Sotaquirá, Sora, Oicatá, Chíquiza | I26: 15
E27: 23 | F27: 1502 | G27: Gutiérrez | H27: El Cocuy, Cubará, Güicán, El Espino, Chiscas, Panqueba, Guacamayas | I27: 7
E28: 24 | F28: 1503 | G28: La Libertad | H28: Labranzagrande, Pajarito, Paya, Pisba | I28: 4
E29: 25 | F29: 1504 | G29: Lengupa | H29: Miraflores, Páez, Zetaquirá, Campohermoso, San Eduardo, Berbeo | I29: 6
E30: 26 | F30: 1505 | G30: Márquez | H30: Ramiriquí, Turmequé, Jenesano, Úmbita, Tibaná, Ciénega, Nuevo Colón, Rondón, Boyacá, Viracachá | I30: 10
E31: 27 | F31: 1506 | G31: Neira | H31: Garagoa, Santa María, San Luis de Gaceno, Chinavita, Macanal, Pachavita | I31: 6
E32: 28 | F32: 1507 | G32: Norte | H32: Soatá, Boavita, San Mateo, La Uvita, Susacón, Tipacoque, Sativanorte, Covarachía, Sativasur | I32: 9
E33: 29 | F33: 1508 | G33: Occidente | H33: Chiquinquirá, Puerto Boyacá, Muzo, Otanche, Pauna, Quipama, San Pablo de Borbur, Maripí, La Victoria, Buenavista, Saboyá, Coper, Briceño, San Miguel de Sema, Tununguá, Caldas | I33: 16
E34: 30 | F34: 1509 | G34: Oriente | H34: Guateque, Guayatá, Tenza, La Capilla, Somondoco, Sutatenza, Chivor, Almeida | I34: 8
E35: 31 | F35: 1510 | G35: Ricaurte | H35: Moniquirá, Villa de Leyva, Ráquira, Santana, Arcabuco, Sáchica, Sutamarchán, Chitaraque, San José de Pare, Togüí, Santa Sofía, Tinjacá, Gachantivá | I35: 13
E36: 32 | F36: 1511 | G36: Sugamuxi | H36: Sogamoso, Nobsa, Aquitania, Tibasosa, Mongui, Firavitoba, Pesca, Mongua, Gámeza, Tópaga, Iza, Tota, Cuitiva | I36: 13
E37: 33 | F37: 1512 | G37: Tundama | H37: Duitama, Paipa, Santa Rosa de Viterbo, Belén, Floresta, Corrales, Cerinza, Busbanzá, Tutazá | I37: 9
E38: 34 | F38: 1513 | G38: Valderrama | H38: Socha, Paz de Río, Chita, Tasco, Socotá, Jericó, Betéitiva | I38: 7 | K38: =IFERROR(VLOOKUP(B38,EQUIPOS!$C$6:$G$151,5,0),0) -> 0
B39: 7 | C39: Caldas | D39: 6 | E39: 35 | F39: 1701 | G39: Alto Occidente | H39: Riosucio, Supía, Filadelfia, La Merced, Marmato | I39: 5
E40: 36 | F40: 1702 | G40: Alto Oriente | H40: Manzanares, Pensilvania, Marquetalia, Marulanda | I40: 4
E41: 37 | F41: 1703 | G41: Bajo Occidente | H41: Anserma, Viterbo, Belalcázar, Risaralda, San José | I41: 5
E42: 38 | F42: 1704 | G42: Centro | H42: Manizales, Villa María, Chinchiná, Neira, Palestina | I42: 5
E43: 39 | F43: 1706 | G43: Norte | H43: Aguadas, Salamina, Aranzazu, Pácora | I43: 4
E44: 40 | F44: 1705 | G44: Oriente | H44: La Dorada, Samaná, Norcasia, Victoria | I44: 4
B45: 8 | C45: Caquetá | D45: 1 | E45: 41 | F45: 1800 | G45: Caquetá | H45: Florencia, Belén de los Andaquies, San José del Fragua, La Montañita, Valparaíso, Albania, Morelia, Milán, San Vicente del Caguán, El Doncello, Puerto Rico, Cartagena del Chairá, El Paujil, Curillo, Solita, Solano. | I45: 16
B46: 9 | C46: Casanare | D46: 1 | E46: 42 | F46: 8500 | G46: Casanare | H46: Yopal, Aguazul, Villanueva, Tauramena, Monterrey, Maní, Pore, Támara, Nunchía, Chámeza, Recetor, Sabanalarga, Paz de Ariporo, Trinidad, Hato Corozal, Orocué, San Luis de Palenque, Sácama, La Salina | I46: 19
B47: 10 | C47: Cauca | D47: 5 | E47: 43 | F47: 1901 | G47: Centro | H47: Popayán, Piendamó, Timbío, El Tambo, Cajibío, Rosas, Morales, La Sierra, Sotara | I47: 9
E48: 44 | F48: 1902 | G48: Norte | H48: Santander de Quilichao, Puerto Tejada, Miranda, Corinto, Villa Rica, Guachené, Caloto, Padilla, Suárez, Buenos Aires | I48: 10
E49: 45 | F49: 1903 | G49: Occidente | H49: Guapi, López, Timbiquí | I49: 3
E50: 46 | F50: 1904 | G50: Oriente | H50: Silvia, Paez, Inzá, Totoró, Toribío, Puracé, Caldono, Jambaló | I50: 8
E51: 47 | F51: 1905 | G51: Sur | H51: Patía, Balboa, Bolívar, Mercaderes, Argelia, La Vega, Santa Rosa, Almaguer, Sucre, Florencia, San Sebastián, Piamonte | I51: 12
B52: 11 | C52: Cesar | D52: 4 | E52: 48 | F52: 2001 | G52: Central | H52: Curumaní, La Jagua de Ibirico, Chiriguaná, Pailitas, Chimichagua, Becerril, Tamalameque | I52: 7
E53: 49 | F53: 2002 | G53: Noroccidental | H53: Bosconia, El Copey, Astrea, El Paso | I53: 4
E54: 50 | F54: 2003 | G54: Norte | H54: Valledupar, Agustín Codazzi, La Paz, Manaure, San Diego, Pueblo Bello | I54: 6
E55: 51 | F55: 2004 | G55: Sur | H55: Aguachica, San Alberto, Pelaya, Gamarra, San Martín, La Gloria, Río de Oro, González | I55: 8
B56: 12 | C56: Chocó | D56: 5 | E56: 52 | F56: 2701 | G56: Atrato | H56: Quibdó, El Carmen de Atrato, Bojayá, Atrato, Lloró, Río Quito, Bagadó, Medio Atrato | I56: 8
E57: 53 | F57: 2702 | G57: Darién | H57: Riosucio, Acandí, Unguía, Carmen del Darién | I57: 4
E58: 54 | F58: 2703 | G58: Pacífico Norte | H58: Bahía Solano, Nuquí, Juradó | I58: 3 | N58: =K58*L58 -> 0
E59: 55 | F59: 2704 | G59: Pacífico Sur | H59: Alto Baudó, Bajo Baudó, El Litoral del San Juan, Medio Baudó | I59: 4
E60: 56 | F60: 2705 | G60: San Juan | H60: Istmina, Tadó, Condoto, Certegui, Medio San Juan, Union Panamericana, El cantón del San Pablo, Nóvita, Rio iro, San Jose del Palmar, Sipí | I60: 11
B61: 13 | C61: Córdoba | D61: 7 | E61: 57 | F61: 2301 | G61: Alto Sinú | H61: Tierralta, Valencia | I61: 2
E62: 58 | F62: 2302 | G62: Bajo Sinú | H62: Lorica, Momil, Purísima, Cotorra, Chimá | I62: 5
E63: 59 | F63: 2303 | G63: Centro | H63: Montería | I63: 1
E64: 60 | F64: 2304 | G64: Costanera | H64: San Antero, San Bernardo del Viento, Moñitos, Puerto Escondido, Los Córdobas, Canalete | I64: 6
E65: 61 | F65: 2305 | G65: Sabanas | H65: Sahagún, Chinú, San Andrés Sotavento, Tuchín | I65: 4
E66: 62 | F66: 2306 | G66: San Jorge | H66: Montelíbano, Planeta Rica, Ayapel, Puerto Libertador, Pueblo Nuevo, La Apartada, Buenavista, San José de Ure | I66: 8
E67: 63 | F67: 2307 | G67: Sinú medio | H67: Cereté, Ciénaga de Oro, San Pelayo, San Carlos | I67: 4
B68: 14 | C68: Cundinamarca | D68: 15 | E68: 64 | F68: 2501 | G68: Almeidas | H68: Chocontá, Suesca, Villapinzón, Sesquilé, Machetá, Manta, Tibirita | I68: 7
E69: 65 | F69: 2502 | G69: Alto Magdalena | H69: Girardot, Tocaima, Agua de Dios, Nilo, Ricaurte, Nariño, Guataquí, Jerusalén | I69: 8
E70: 66 | F70: 2503 | G70: Bajo Magdalena | H70: Guaduas, Puerto Salgar, Caparrapí | I70: 3
E71: 67 | F71: 2504 | G71: Gualivá | H71: Villeta, La Vega, San Francisco, Nimaima, Útica, Sasaima, Nocaima, Albán, Vergara, Supatá, La Peña, Quebradanegra | I71: 12
E72: 68 | F72: 2505 | G72: Guavio | H72: La Calera, Guasca, Gachetá, Gachalá, Guatavita, Ubalá, Junín, Gama | I72: 8
E73: 69 | F73: 2506 | G73: Magdalena Centro | H73: San Juan de Río Seco, Viani, Guayabal de Síquima, Chaguaní, Puli, Bituima, Beltrán | I73: 7
E74: 70 | F74: 2507 | G74: Medina | H74: Medina, Paratebueno | I74: 2
E75: 71 | F75: 2508 | G75: Oriente | H75: Cáqueza, Fómeque, Une, Choachi, Chipaque, Fosca, Quétame, Guayabetal, Gutiérrez, Ubaque | I75: 10
E76: 72 | F76: 2509 | G76: Río Negro | H76: Pacho, La Palma, Yacopí, Topaipí, San Cayetano, Villagómez, Paime, El Peñón | I76: 8
E77: 73 | F77: 2510 | G77: Sabana Centro | H77: Zipaquirá, Chía, Cajicá, Sopó, Tocancipá, Tabio, Gachancipá, Cogua, Nemocón | I77: 9
E78: 74 | F78: 2511 | G78: Sabana Occidente | H78: Facatativá, Mosquera, Funza, Madrid, Cota, El Rosal, Tenjo, Bojacá, Subachoque, Zipacón | I78: 10
E79: 75 | F79: 2512 | G79: Soacha | H79: Soacha, Sibaté | I79: 2
E80: 76 | F80: 2513 | G80: Sumapaz | H80: Fusagasugá, Silvania, Arbeláez, San Bernardo, Pasca, Granada, Venecia, Pandi, Cabrera, Tibacuy | I80: 10
... E82: 78 | F82: 2515 | G82: Ubaté | H82: Villa de San Diego de Ubaté, Simijaca, Susa, Guachetá, Carmen de Carupa, Lenguazaque, Sutatausa, Cucunubá, Tausa, Fúquene | I82: 10
B83: 15 | C83: Guainía | D83: 1 | E83: 79 | F83: 9401 | G83: Guainía | H83: Inírida, Barranco Minas, Mapiripana, San Felipe, Puerto Colombia, La Guadalupe, Cacahual, Pana Pana, Morichal | I83: 9
B84: 16 | C84: Guaviare | D84: 1 | E84: 80 | F84: 9500 | G84: Guaviare | H84: San José del Guaviare, El Retorno, Calamar, Miraflores | I84: 4
B85: 17 | C85: Huila | D85: 4 | E85: 81 | F85: 4101 | G85: Centro | H85: Garzón, Gigante, Agrado, Guadalupe, Pital, Tarqui, Suaza, Altamira | I85: 8
E86: 82 | F86: 4102 | G86: Norte | H86: Neiva, Campoalegre, Aipe, Palermo, Algeciras, Rivera, Yaguará, Tello, Hobo, Baraya, Teruel, Santa María, Colombia, Villavieja, Iquira | I86: 15
E87: 83 | F87: 4103 | G87: Occidente | H87: La Plata, Tesalia, La Argentina, Paicol, Nátaga | I87: 5
E88: 84 | F88: 4104 | G88: Sur | H88: Pitalito, San Agustín, Timaná, Acevedo, Isnos, Oporapa, Saladoblanco, Palestina, Elías | I88: 9
B89: 18 | C89: La Guajira | D89: 2 | E89: 85 | F89: 4401 | G89: Norte / Centro | H89: Riohacha, Maicao, Albania, Dibulla, Manaure, Uribia | I89: 6
E90: 86 | F90: 4402 | G90: Sur | H90: San Juan del Cesar, Fonseca, Villanueva, Barrancas, Hatonuevo, Urumita, El Molino, Distracción, La Jagua del Pilar | I90: 9
B91: 19 | C91: Magdalena | D91: 5 | E91: 87 | F91: 4702 | G91: Centro | H91: Plato, Ariguaní, Chibolo, Nueva Granada, Tenerife, Sabanas de San Ángel | I91: 6
E92: 88 | F92: 4703 | G92: Norte | H92: Ciénaga, Fundación, Aracataca, El Retén, Puebloviejo, Algarrobo, Zona Bananera | I92: 7
E93: 89 | F93: 4704 | G93: Río | H93: Pivijay, Sitionuevo, El Piñón, Remolino, Salamina, Cerro San Antonio, Concordia, Zapayán, Pedraza | I93: 9
E94: 90 | F94: 4701 | G94: Santa Marta | H94: Santa Marta | I94: 1
E95: 91 | F95: 4705 | G95: Sur | H95: El Banco, Santa Ana, Pijiño del Carmen, Guamal, Santa Bárbara de Pinto, San Sebastián de Buenavista, San Zenón | I95: 7
B96: 20 | C96: Meta | D96: 4 | E96: 92 | F96: 5001 | G96: Ariari | H96: Granada, Fuente de Oro, Lejanías, Uribe, San Juan de Arama, Mesetas, Puerto Lleras, El Castillo, El Dorado, Puerto Concordia, Vistahermosa, Puerto Rico, La Macarena, Mapiripán. | I96: 14
E97: 93 | F97: 5002 | G97: Capital | H97: Villavicencio | I97: 1
E98: 94 | F98: 5003 | G98: Piedemonte | H98: Acacías, San Martín, Cumaral, Restrepo, Guamal, Castilla La Nueva, San Carlos de Guaroa, Cubarral, Barranca de Upía, San Juanito, El Calvario | I98: 11
E99: 95 | F99: 5004 | G99: Río Meta | H99: Puerto López, Puerto Gaitán, Cabuyaro | I99: 3
B100: 21 | C100: Nariño | D100: 5 | E100: 96 | F100: 5201 | G100: Centro | H100: Pasto, Sandoná, Chachagüí, El Tambo, Nariño, Yacuanquer, Tangua, Consaca, La Florida, El Peñol | I100: 10
E101: 97 | F101: 5202 | G101: Centro Occidente | H101: Samaniego, Túquerres, Los Andes, Santacruz, Providencia, Guaitarilla, Ricaurte, Ospina, Linares, La Llanada, Ancuyá, Sapuyes, Mallama | I101: 13
E102: 98 | F102: 5203 | G102: Costa | H102: San Andres de Tumaco, Barbacoas, El Charco, Olaya Herrera, La Tola, Francisco Pizarro, Mosquera, Magüi, Santa Bárbara, Roberto Payán | I102: 10
...

Sheet ÍNDICE
B1: INSTITUTO NACIONAL DE VÍAS DIRECCIÓN TÉCNICA Y DE ESTRUCTURACIÓN - SUBDIRECCIÓN DE PLANIFICACIÓN DE INFRAESTRUCTURA ANÁLISIS DE PRECIOS UNITARIOS DE REFERENCIA REGIONALIZADOS 2023-1 | P1: OBSERVACIONES
B4: ÍNDICE DE ÍTEMS DE ANÁLISIS DE PRECIOS UNITARIOS - APU
B5: # | C5: ÍTEM | D5: UNIDAD | G5: DESCRIPCIÓN ACTIVIDAD | H5: GRUPO DE AJUSTE | I5: SUBTOTAL EQUIPOS | J5: SUBTOTAL MATERIALES | K5: SUBTOTAL TRANSPORTE | L5: SUBTOTAL MANO DE OBRA | M5: COSTO DIRECTO | N5: PRECIO UNITARIO TOTAL ($ COP)
B6: 1 | C6: 200.1.1 | D6: {=INDIRECT("'"&C6&"'!L33")} -> #REF! | E6: C$33$ | F6: ="='"&C6&"'!"&E6 -> ='200.1.1'!C$33$ | G6: {=INDIRECT("'"&C6&"'!C33")} -> #REF! | I6: {=INDIRECT("'"&C6&"'!N53")} -> #REF! | J6: {=INDIRECT("'"&C6&"'!N73")} -> #REF! | K6: {=INDIRECT("'"&C6&"'!N83")} -> #REF! | L6: {=INDIRECT("'"&C6&"'!N98")} -> #REF! | M6: {=INDIRECT("'"&C6&"'!N100")} -> #REF! | N6: {=INDIRECT("'"&C6&"'!N110")} -> #REF!
B7: 2 | C7: 200.1.2 | D7: {=INDIRECT("'"&C7&"'!L33")} -> #REF! | G7: {=INDIRECT("'"&C7&"'!C33")} -> #REF! | I7: {=INDIRECT("'"&C7&"'!N53")} -> #REF! | J7: {=INDIRECT("'"&C7&"'!N73")} -> #REF! | K7: {=INDIRECT("'"&C7&"'!N83")} -> #REF! | L7: {=INDIRECT("'"&C7&"'!N98")} -> #REF! | M7: {=INDIRECT("'"&C7&"'!N100")} -> #REF! | N7: {=INDIRECT("'"&C7&"'!N110")} -> #REF!
B8: 3 | C8: 200.2.1 | D8: {=INDIRECT("'"&C8&"'!L33")} -> #REF! | E8: C$33$ | F8: ="='"&C8&"'!"&E8 -> ='200.2.1'!C$33$ | G8: {=INDIRECT("'"&C8&"'!C33")} -> #REF! | I8: {=INDIRECT("'"&C8&"'!N53")} -> #REF! | J8: {=INDIRECT("'"&C8&"'!N73")} -> #REF! | K8: {=INDIRECT("'"&C8&"'!N83")} -> #REF! | L8: {=INDIRECT("'"&C8&"'!N98")} -> #REF! | M8: {=INDIRECT("'"&C8&"'!N100")} -> #REF! | N8: {=INDIRECT("'"&C8&"'!N110")} -> #REF!
B9: 4 | C9: 200.2.2 | D9: {=INDIRECT("'"&C9&"'!L33")} -> #REF! | G9: {=INDIRECT("'"&C9&"'!C33")} -> #REF! | I9: {=INDIRECT("'"&C9&"'!N53")} -> #REF! | J9: {=INDIRECT("'"&C9&"'!N73")} -> #REF! | K9: {=INDIRECT("'"&C9&"'!N83")} -> #REF! | L9: {=INDIRECT("'"&C9&"'!N98")} -> #REF! | M9: {=INDIRECT("'"&C9&"'!N100")} -> #REF! | N9: {=INDIRECT("'"&C9&"'!N110")} -> #REF!
B10: 5 | C10: 201.7 | D10: {=INDIRECT("'"&C10&"'!L33")} -> #REF! | E10: C$33$ | F10: ="='"&C10&"'!"&E10 -> ='201.7'!C$33$ | G10: {=INDIRECT("'"&C10&"'!C33")} -> #REF! | I10: {=INDIRECT("'"&C10&"'!N53")} -> #REF! | J10: {=INDIRECT("'"&C10&"'!N73")} -> #REF! | K10: {=INDIRECT("'"&C10&"'!N83")} -> #REF! | L10: {=INDIRECT("'"&C10&"'!N98")} -> #REF! | M10: {=INDIRECT("'"&C10&"'!N100")} -> #REF! | N10: {=INDIRECT("'"&C10&"'!N110")} -> #REF!
B11: 6 | C11: 201.8 | D11: {=INDIRECT("'"&C11&"'!L33")} -> #REF! | E11: C$33$ | F11: ="='"&C11&"'!"&E11 -> ='201.8'!C$33$ | G11: {=INDIRECT("'"&C11&"'!C33")} -> #REF! | I11: {=INDIRECT("'"&C11&"'!N53")} -> #REF! | J11: {=INDIRECT("'"&C11&"'!N73")} -> #REF! | K11: {=INDIRECT("'"&C11&"'!N83")} -> #REF! | L11: {=INDIRECT("'"&C11&"'!N98")} -> #REF! | M11: {=INDIRECT("'"&C11&"'!N100")} -> #REF! | N11: {=INDIRECT("'"&C11&"'!N110")} -> #REF!
B12: 7 | C12: 201.9 | D12: {=INDIRECT("'"&C12&"'!L33")} -> #REF! | E12: C$33$ | F12: ="='"&C12&"'!"&E12 -> ='201.9'!C$33$ | G12: {=INDIRECT("'"&C12&"'!C33")} -> #REF! | I12: {=INDIRECT("'"&C12&"'!N53")} -> #REF! | J12: {=INDIRECT("'"&C12&"'!N73")} -> #REF! | K12: {=INDIRECT("'"&C12&"'!N83")} -> #REF! | L12: {=INDIRECT("'"&C12&"'!N98")} -> #REF! | M12: {=INDIRECT("'"&C12&"'!N100")} -> #REF! | N12: {=INDIRECT("'"&C12&"'!N110")} -> #REF!
B13: 8 | C13: 201.10 | D13: {=INDIRECT("'"&C13&"'!L33")} -> #REF! | E13: C$33$ | F13: ="='"&C13&"'!"&E13 -> ='201.10'!C$33$ | G13: {=INDIRECT("'"&C13&"'!C33")} -> #REF! | I13: {=INDIRECT("'"&C13&"'!N53")} -> #REF! | J13: {=INDIRECT("'"&C13&"'!N73")} -> #REF! | K13: {=INDIRECT("'"&C13&"'!N83")} -> #REF! | L13: {=INDIRECT("'"&C13&"'!N98")} -> #REF! | M13: {=INDIRECT("'"&C13&"'!N100")} -> #REF! | N13: {=INDIRECT("'"&C13&"'!N110")} -> #REF!
B14: 9 | C14: 201.11 | D14: {=INDIRECT("'"&C14&"'!L33")} -> #REF! | E14: C$33$ | F14: ="='"&C14&"'!"&E14 -> ='201.11'!C$33$ | G14: {=INDIRECT("'"&C14&"'!C33")} -> #REF! | I14: {=INDIRECT("'"&C14&"'!N53")} -> #REF! | J14: {=INDIRECT("'"&C14&"'!N73")} -> #REF! | K14: {=INDIRECT("'"&C14&"'!N83")} -> #REF! | L14: {=INDIRECT("'"&C14&"'!N98")} -> #REF! | M14: {=INDIRECT("'"&C14&"'!N100")} -> #REF! | N14: {=INDIRECT("'"&C14&"'!N110")} -> #REF!
B15: 10 | C15: 201.14 | D15: {=INDIRECT("'"&C15&"'!L33")} -> #REF! | E15: C$33$ | F15: ="='"&C15&"'!"&E15 -> ='201.14'!C$33$ | G15: {=INDIRECT("'"&C15&"'!C33")} -> #REF! | I15: {=INDIRECT("'"&C15&"'!N53")} -> #REF! | J15: {=INDIRECT("'"&C15&"'!N73")} -> #REF! | K15: {=INDIRECT("'"&C15&"'!N83")} -> #REF! | L15: {=INDIRECT("'"&C15&"'!N98")} -> #REF! | M15: {=INDIRECT("'"&C15&"'!N100")} -> #REF! | N15: {=INDIRECT("'"&C15&"'!N110")} -> #REF!
B16: 11 | C16: 201.15 | D16: {=INDIRECT("'"&C16&"'!L33")} -> #REF! | E16: C$33$ | F16: ="='"&C16&"'!"&E16 -> ='201.15'!C$33$ | G16: {=INDIRECT("'"&C16&"'!C33")} -> #REF! | I16: {=INDIRECT("'"&C16&"'!N53")} -> #REF! | J16: {=INDIRECT("'"&C16&"'!N73")} -> #REF! | K16: {=INDIRECT("'"&C16&"'!N83")} -> #REF! | L16: {=INDIRECT("'"&C16&"'!N98")} -> #REF! | M16: {=INDIRECT("'"&C16&"'!N100")} -> #REF! | N16: {=INDIRECT("'"&C16&"'!N110")} -> #REF!
B17: 12 | C17: 201.16 | D17: {=INDIRECT("'"&C17&"'!L33")} -> #REF! | E17: C$33$ | F17: ="='"&C17&"'!"&E17 -> ='201.16'!C$33$ | G17: {=INDIRECT("'"&C17&"'!C33")} -> #REF! | I17: {=INDIRECT("'"&C17&"'!N53")} -> #REF! | J17: {=INDIRECT("'"&C17&"'!N73")} -> #REF! | K17: {=INDIRECT("'"&C17&"'!N83")} -> #REF! | L17: {=INDIRECT("'"&C17&"'!N98")} -> #REF! | M17: {=INDIRECT("'"&C17&"'!N100")} -> #REF! | N17: {=INDIRECT("'"&C17&"'!N110")} -> #REF!
B18: 13 | C18: 201.19 | D18: {=INDIRECT("'"&C18&"'!L33")} -> #REF! | E18: C$33$ | F18: ="='"&C18&"'!"&E18 -> ='201.19'!C$33$ | G18: {=INDIRECT("'"&C18&"'!C33")} -> #REF! | I18: {=INDIRECT("'"&C18&"'!N53")} -> #REF! | J18: {=INDIRECT("'"&C18&"'!N73")} -> #REF! | K18: {=INDIRECT("'"&C18&"'!N83")} -> #REF! | L18: {=INDIRECT("'"&C18&"'!N98")} -> #REF! | M18: {=INDIRECT("'"&C18&"'!N100")} -> #REF! | N18: {=INDIRECT("'"&C18&"'!N110")} -> #REF!
B19: 14 | C19: 201.20 | D19: {=INDIRECT("'"&C19&"'!L33")} -> #REF! | E19: C$33$ | F19: ="='"&C19&"'!"&E19 -> ='201.20'!C$33$ | G19: {=INDIRECT("'"&C19&"'!C33")} -> #REF! | I19: {=INDIRECT("'"&C19&"'!N53")} -> #REF! | J19: {=INDIRECT("'"&C19&"'!N73")} -> #REF! | K19: {=INDIRECT("'"&C19&"'!N83")} -> #REF! | L19: {=INDIRECT("'"&C19&"'!N98")} -> #REF! | M19: {=INDIRECT("'"&C19&"'!N100")} -> #REF! | N19: {=INDIRECT("'"&C19&"'!N110")} -> #REF!
B20: 15 | C20: 201.21 | D20: {=INDIRECT("'"&C20&"'!L33")} -> #REF! | E20: C$33$ | F20: ="='"&C20&"'!"&E20 -> ='201.21'!C$33$ | G20: {=INDIRECT("'"&C20&"'!C33")} -> #REF! | I20: {=INDIRECT("'"&C20&"'!N53")} -> #REF! | J20: {=INDIRECT("'"&C20&"'!N73")} -> #REF! | K20: {=INDIRECT("'"&C20&"'!N83")} -> #REF! | L20: {=INDIRECT("'"&C20&"'!N98")} -> #REF! | M20: {=INDIRECT("'"&C20&"'!N100")} -> #REF! | N20: {=INDIRECT("'"&C20&"'!N110")} -> #REF!
B21: 16 | C21: 203.1 | D21: {=INDIRECT("'"&C21&"'!L33")} -> #REF! | E21: C$33$ | F21: ="='"&C21&"'!"&E21 -> ='203.1'!C$33$ | G21: {=INDIRECT("'"&C21&"'!C33")} -> #REF! | I21: {=INDIRECT("'"&C21&"'!N53")} -> #REF! | J21: {=INDIRECT("'"&C21&"'!N73")} -> #REF! | K21: {=INDIRECT("'"&C21&"'!N83")} -> #REF! | L21: {=INDIRECT("'"&C21&"'!N98")} -> #REF! | M21: {=INDIRECT("'"&C21&"'!N100")} -> #REF! | N21: {=INDIRECT("'"&C21&"'!N110")} -> #REF!
... B51: 46 | C51: 231.1.1 | D51: {=INDIRECT("'"&C51&"'!L33")} -> #REF! | E51: C$33$ | F51: ="='"&C51&"'!"&E51 -> ='231.1.1'!C$33$ | G51: {=INDIRECT("'"&C51&"'!C33")} -> #REF! | I51: {=INDIRECT("'"&C51&"'!N53")} -> #REF! | J51: {=INDIRECT("'"&C51&"'!N73")} -> #REF! | K51: {=INDIRECT("'"&C51&"'!N83")} -> #REF! | L51: {=INDIRECT("'"&C51&"'!N98")} -> #REF! | M51: {=INDIRECT("'"&C51&"'!N100")} -> #REF! | N51: {=INDIRECT("'"&C51&"'!N110")} -> #REF!
B52: 47 | C52: 231.1.2 | D52: {=INDIRECT("'"&C52&"'!L33")} -> #REF! | G52: {=INDIRECT("'"&C52&"'!C33")} -> #REF! | I52: {=INDIRECT("'"&C52&"'!N53")} -> #REF! | J52: {=INDIRECT("'"&C52&"'!N73")} -> #REF! | K52: {=INDIRECT("'"&C52&"'!N83")} -> #REF! | L52: {=INDIRECT("'"&C52&"'!N98")} -> #REF! | M52: {=INDIRECT("'"&C52&"'!N100")} -> #REF! | N52: {=INDIRECT("'"&C52&"'!N110")} -> #REF!
B53: 48 | C53: 232.1 | D53: {=INDIRECT("'"&C53&"'!L33")} -> #REF! | E53: C$33$ | F53: ="='"&C53&"'!"&E53 -> ='232.1'!C$33$ | G53: {=INDIRECT("'"&C53&"'!C33")} -> #REF! | I53: {=INDIRECT("'"&C53&"'!N53")} -> #REF! | J53: {=INDIRECT("'"&C53&"'!N73")} -> #REF! | K53: {=INDIRECT("'"&C53&"'!N83")} -> #REF! | L53: {=INDIRECT("'"&C53&"'!N98")} -> #REF! | M53: {=INDIRECT("'"&C53&"'!N100")} -> #REF! | N53: {=INDIRECT("'"&C53&"'!N110")} -> #REF!
B54: 49 | C54: 233.1 | D54: {=INDIRECT("'"&C54&"'!L33")} -> #REF! | E54: C$33$ | F54: ="='"&C54&"'!"&E54 -> ='233.1'!C$33$ | G54: {=INDIRECT("'"&C54&"'!C33")} -> #REF! | I54: {=INDIRECT("'"&C54&"'!N53")} -> #REF! | J54: {=INDIRECT("'"&C54&"'!N73")} -> #REF! | K54: {=INDIRECT("'"&C54&"'!N83")} -> #REF! | L54: {=INDIRECT("'"&C54&"'!N98")} -> #REF! | M54: {=INDIRECT("'"&C54&"'!N100")} -> #REF! | N54: {=INDIRECT("'"&C54&"'!N110")} -> #REF!
B55: 50 | C55: 233.10 | D55: {=INDIRECT("'"&C55&"'!L33")} -> #REF! | E55: C$33$ | F55: ="='"&C55&"'!"&E55 -> ='233.10'!C$33$ | G55: {=INDIRECT("'"&C55&"'!C33")} -> #REF! | I55: {=INDIRECT("'"&C55&"'!N53")} -> #REF! | J55: {=INDIRECT("'"&C55&"'!N73")} -> #REF! | K55: {=INDIRECT("'"&C55&"'!N83")} -> #REF! | L55: {=INDIRECT("'"&C55&"'!N98")} -> #REF! | M55: {=INDIRECT("'"&C55&"'!N100")} -> #REF! | N55: {=INDIRECT("'"&C55&"'!N110")} -> #REF!
B56: 51 | C56: 234.1 | D56: {=INDIRECT("'"&C56&"'!L33")} -> #REF! | E56: C$33$ | F56: ="='"&C56&"'!"&E56 -> ='234.1'!C$33$ | G56: {=INDIRECT("'"&C56&"'!C33")} -> #REF! | I56: {=INDIRECT("'"&C56&"'!N53")} -> #REF! | J56: {=INDIRECT("'"&C56&"'!N73")} -> #REF! | K56: {=INDIRECT("'"&C56&"'!N83")} -> #REF! | L56: {=INDIRECT("'"&C56&"'!N98")} -> #REF! | M56: {=INDIRECT("'"&C56&"'!N100")} -> #REF! | N56: {=INDIRECT("'"&C56&"'!N110")} -> #REF!
B57: 52 | C57: 235.1 | D57: {=INDIRECT("'"&C57&"'!L33")} -> #REF! | E57: C$33$ | F57: ="='"&C57&"'!"&E57 -> ='235.1'!C$33$ | G57: {=INDIRECT("'"&C57&"'!C33")} -> #REF! | I57: {=INDIRECT("'"&C57&"'!N53")} -> #REF! | J57: {=INDIRECT("'"&C57&"'!N73")} -> #REF! | K57: {=INDIRECT("'"&C57&"'!N83")} -> #REF! | L57: {=INDIRECT("'"&C57&"'!N98")} -> #REF! | M57: {=INDIRECT("'"&C57&"'!N100")} -> #REF! | N57: {=INDIRECT("'"&C57&"'!N110")} -> #REF!
B58: 53 | C58: 235.10 | D58: {=INDIRECT("'"&C58&"'!L33")} -> #REF! | E58: C$33$ | F58: ="='"&C58&"'!"&E58 -> ='235.10'!C$33$ | G58: {=INDIRECT("'"&C58&"'!C33")} -> #REF! | I58: {=INDIRECT("'"&C58&"'!N53")} -> #REF! | J58: {=INDIRECT("'"&C58&"'!N73")} -> #REF! | K58: {=INDIRECT("'"&C58&"'!N83")} -> #REF! | L58: {=INDIRECT("'"&C58&"'!N98")} -> #REF! | M58: {=INDIRECT("'"&C58&"'!N100")} -> #REF! | N58: {=INDIRECT("'"&C58&"'!N110")} -> #REF!
B59: 54 | C59: 235.11 | D59: {=INDIRECT("'"&C59&"'!L33")} -> #REF! | E59: C$33$ | F59: ="='"&C59&"'!"&E59 -> ='235.11'!C$33$ | G59: {=INDIRECT("'"&C59&"'!C33")} -> #REF! | I59: {=INDIRECT("'"&C59&"'!N53")} -> #REF! | J59: {=INDIRECT("'"&C59&"'!N73")} -> #REF! | K59: {=INDIRECT("'"&C59&"'!N83")} -> #REF! | L59: {=INDIRECT("'"&C59&"'!N98")} -> #REF! | M59: {=INDIRECT("'"&C59&"'!N100")} -> #REF! | N59: {=INDIRECT("'"&C59&"'!N110")} -> #REF!
B60: 55 | C60: 236.1 | D60: {=INDIRECT("'"&C60&"'!L33")} -> #REF! | E60: C$33$ | F60: ="='"&C60&"'!"&E60 -> ='236.1'!C$33$ | G60: {=INDIRECT("'"&C60&"'!C33")} -> #REF! | I60: {=INDIRECT("'"&C60&"'!N53")} -> #REF! | J60: {=INDIRECT("'"&C60&"'!N73")} -> #REF! | K60: {=INDIRECT("'"&C60&"'!N83")} -> #REF! | L60: {=INDIRECT("'"&C60&"'!N98")} -> #REF! | M60: {=INDIRECT("'"&C60&"'!N100")} -> #REF! | N60: {=INDIRECT("'"&C60&"'!N110")} -> #REF!
B61: 56 | C61: 236.10 | D61: {=INDIRECT("'"&C61&"'!L33")} -> #REF! | E61: C$33$ | F61: ="='"&C61&"'!"&E61 -> ='236.10'!C$33$ | G61: {=INDIRECT("'"&C61&"'!C33")} -> #REF! | I61: {=INDIRECT("'"&C61&"'!N53")} -> #REF! | J61: {=INDIRECT("'"&C61&"'!N73")} -> #REF! | K61: {=INDIRECT("'"&C61&"'!N83")} -> #REF! | L61: {=INDIRECT("'"&C61&"'!N98")} -> #REF! | M61: {=INDIRECT("'"&C61&"'!N100")} -> #REF! | N61: {=INDIRECT("'"&C61&"'!N110")} -> #REF!
B62: 57 | C62: 236.11 | D62: {=INDIRECT("'"&C62&"'!L33")} -> #REF! | E62: C$33$ | F62: ="='"&C62&"'!"&E62 -> ='236.11'!C$33$ | G62: {=INDIRECT("'"&C62&"'!C33")} -> #REF! | I62: {=INDIRECT("'"&C62&"'!N53")} -> #REF! | J62: {=INDIRECT("'"&C62&"'!N73")} -> #REF! | K62: {=INDIRECT("'"&C62&"'!N83")} -> #REF! | L62: {=INDIRECT("'"&C62&"'!N98")} -> #REF! | M62: {=INDIRECT("'"&C62&"'!N100")} -> #REF! | N62: {=INDIRECT("'"&C62&"'!N110")} -> #REF!
B63: 58 | C63: 237.1.1 | D63: {=INDIRECT("'"&C63&"'!L33")} -> #REF! | G63: {=INDIRECT("'"&C63&"'!C33")} -> #REF! | I63: {=INDIRECT("'"&C63&"'!N53")} -> #REF! | J63: {=INDIRECT("'"&C63&"'!N73")} -> #REF! | K63: {=INDIRECT("'"&C63&"'!N83")} -> #REF! | L63: {=INDIRECT("'"&C63&"'!N98")} -> #REF! | M63: {=INDIRECT("'"&C63&"'!N100")} -> #REF! | N63: {=INDIRECT("'"&C63&"'!N110")} -> #REF!
B64: 59 | C64: 237.1.2.1 | D64: {=INDIRECT("'"&C64&"'!L33")} -> #REF! | G64: {=INDIRECT("'"&C64&"'!C33")} -> #REF! | I64: {=INDIRECT("'"&C64&"'!N53")} -> #REF! | J64: {=INDIRECT("'"&C64&"'!N73")} -> #REF! | K64: {=INDIRECT("'"&C64&"'!N83")} -> #REF! | L64: {=INDIRECT("'"&C64&"'!N98")} -> #REF! | M64: {=INDIRECT("'"&C64&"'!N100")} -> #REF! | N64: {=INDIRECT("'"&C64&"'!N110")} -> #REF!
B65: 60 | C65: 237.1.2.2 | D65: {=INDIRECT("'"&C65&"'!L33")} -> #REF! | G65: {=INDIRECT("'"&C65&"'!C33")} -> #REF! | I65: {=INDIRECT("'"&C65&"'!N53")} -> #REF! | J65: {=INDIRECT("'"&C65&"'!N73")} -> #REF! | K65: {=INDIRECT("'"&C65&"'!N83")} -> #REF! | L65: {=INDIRECT("'"&C65&"'!N98")} -> #REF! | M65: {=INDIRECT("'"&C65&"'!N100")} -> #REF! | N65: {=INDIRECT("'"&C65&"'!N110")} -> #REF!
B66: 61 | C66: 237.1.3.1 | D66: {=INDIRECT("'"&C66&"'!L33")} -> #REF! | G66: {=INDIRECT("'"&C66&"'!C33")} -> #REF! | H66: =#REF! -> #REF! | I66: {=INDIRECT("'"&C66&"'!N53")} -> #REF! | J66: {=INDIRECT("'"&C66&"'!N73")} -> #REF! | K66: {=INDIRECT("'"&C66&"'!N83")} -> #REF! | L66: {=INDIRECT("'"&C66&"'!N98")} -> #REF! | M66: {=INDIRECT("'"&C66&"'!N100")} -> #REF! | N66: {=INDIRECT("'"&C66&"'!N110")} -> #REF!
B67: 62 | C67: 237.1.3.2 | D67: {=INDIRECT("'"&C67&"'!L33")} -> #REF! | G67: {=INDIRECT("'"&C67&"'!C33")} -> #REF! | H67: =#REF! -> #REF! | I67: {=INDIRECT("'"&C67&"'!N53")} -> #REF! | J67: {=INDIRECT("'"&C67&"'!N73")} -> #REF! | K67: {=INDIRECT("'"&C67&"'!N83")} -> #REF! | L67: {=INDIRECT("'"&C67&"'!N98")} -> #REF! | M67: {=INDIRECT("'"&C67&"'!N100")} -> #REF! | N67: {=INDIRECT("'"&C67&"'!N110")} -> #REF!
B68: 63 | C68: 237.1.3.3 | D68: {=INDIRECT("'"&C68&"'!L33")} -> #REF! | G68: {=INDIRECT("'"&C68&"'!C33")} -> #REF! | H68: =#REF! -> #REF! | I68: {=INDIRECT("'"&C68&"'!N53")} -> #REF! | J68: {=INDIRECT("'"&C68&"'!N73")} -> #REF! | K68: {=INDIRECT("'"&C68&"'!N83")} -> #REF! | L68: {=INDIRECT("'"&C68&"'!N98")} -> #REF! | M68: {=INDIRECT("'"&C68&"'!N100")} -> #REF! | N68: {=INDIRECT("'"&C68&"'!N110")} -> #REF!
B69: 64 | C69: 237.1.3.4 | D69: {=INDIRECT("'"&C69&"'!L33")} -> #REF! | G69: {=INDIRECT("'"&C69&"'!C33")} -> #REF! | H69: =#REF! -> #REF! | I69: {=INDIRECT("'"&C69&"'!N53")} -> #REF! | J69: {=INDIRECT("'"&C69&"'!N73")} -> #REF! | K69: {=INDIRECT("'"&C69&"'!N83")} -> #REF! | L69: {=INDIRECT("'"&C69&"'!N98")} -> #REF! | M69: {=INDIRECT("'"&C69&"'!N100")} -> #REF! | N69: {=INDIRECT("'"&C69&"'!N110")} -> #REF!
B70: 65 | C70: 237.1.4.1 | D70: {=INDIRECT("'"&C70&"'!L33")} -> #REF! | G70: {=INDIRECT("'"&C70&"'!C33")} -> #REF! | H70: =#REF! -> #REF! | I70: {=INDIRECT("'"&C70&"'!N53")} -> #REF! | J70: {=INDIRECT("'"&C70&"'!N73")} -> #REF! | K70: {=INDIRECT("'"&C70&"'!N83")} -> #REF! | L70: {=INDIRECT("'"&C70&"'!N98")} -> #REF! | M70: {=INDIRECT("'"&C70&"'!N100")} -> #REF! | N70: {=INDIRECT("'"&C70&"'!N110")} -> #REF!
B71: 66 | C71: 237.1.4.2 | D71: {=INDIRECT("'"&C71&"'!L33")} -> #REF! | G71: {=INDIRECT("'"&C71&"'!C33")} -> #REF! | H71: =#REF! -> #REF! | I71: {=INDIRECT("'"&C71&"'!N53")} -> #REF! | J71: {=INDIRECT("'"&C71&"'!N73")} -> #REF! | K71: {=INDIRECT("'"&C71&"'!N83")} -> #REF! | L71: {=INDIRECT("'"&C71&"'!N98")} -> #REF! | M71: {=INDIRECT("'"&C71&"'!N100")} -> #REF! | N71: {=INDIRECT("'"&C71&"'!N110")} -> #REF!
B72: 67 | C72: 237.1.5.1 | D72: {=INDIRECT("'"&C72&"'!L33")} -> #REF! | G72: {=INDIRECT("'"&C72&"'!C33")} -> #REF! | H72: =#REF! -> #REF! | I72: {=INDIRECT("'"&C72&"'!N53")} -> #REF! | J72: {=INDIRECT("'"&C72&"'!N73")} -> #REF! | K72: {=INDIRECT("'"&C72&"'!N83")} -> #REF! | L72: {=INDIRECT("'"&C72&"'!N98")} -> #REF! | M72: {=INDIRECT("'"&C72&"'!N100")} -> #REF! | N72: {=INDIRECT("'"&C72&"'!N110")} -> #REF!
B73: 68 | C73: 237.1.5.2 | D73: {=INDIRECT("'"&C73&"'!L33")} -> #REF! | G73: {=INDIRECT("'"&C73&"'!C33")} -> #REF! | H73: =#REF! -> #REF! | I73: {=INDIRECT("'"&C73&"'!N53")} -> #REF! | J73: {=INDIRECT("'"&C73&"'!N73")} -> #REF! | K73: {=INDIRECT("'"&C73&"'!N83")} -> #REF! | L73: {=INDIRECT("'"&C73&"'!N98")} -> #REF! | M73: {=INDIRECT("'"&C73&"'!N100")} -> #REF! | N73: {=INDIRECT("'"&C73&"'!N110")} -> #REF!
B74: 69 | C74: 237.1.5.3 | D74: {=INDIRECT("'"&C74&"'!L33")} -> #REF! | G74: {=INDIRECT("'"&C74&"'!C33")} -> #REF! | H74: =#REF! -> #REF! | I74: {=INDIRECT("'"&C74&"'!N53")} -> #REF! | J74: {=INDIRECT("'"&C74&"'!N73")} -> #REF! | K74: {=INDIRECT("'"&C74&"'!N83")} -> #REF! | L74: {=INDIRECT("'"&C74&"'!N98")} -> #REF! | M74: {=INDIRECT("'"&C74&"'!N100")} -> #REF! | N74: {=INDIRECT("'"&C74&"'!N110")} -> #REF!
B75: 70 | C75: 237.1.5.4 | D75: {=INDIRECT("'"&C75&"'!L33")} -> #REF! | G75: {=INDIRECT("'"&C75&"'!C33")} -> #REF! | I75: {=INDIRECT("'"&C75&"'!N53")} -> #REF! | J75: {=INDIRECT("'"&C75&"'!N73")} -> #REF! | K75: {=INDIRECT("'"&C75&"'!N83")} -> #REF! | L75: {=INDIRECT("'"&C75&"'!N98")} -> #REF! | M75: {=INDIRECT("'"&C75&"'!N100")} -> #REF! | N75: {=INDIRECT("'"&C75&"'!N110")} -> #REF!
B76: 71 | C76: 310.1 | D76: {=INDIRECT("'"&C76&"'!L33")} -> #REF! | E76: C$33$ | F76: ="='"&C76&"'!"&E76 -> ='310.1'!C$33$ | G76: {=INDIRECT("'"&C76&"'!C33")} -> #REF! | I76: {=INDIRECT("'"&C76&"'!N53")} -> #REF! | J76: {=INDIRECT("'"&C76&"'!N73")} -> #REF! | K76: {=INDIRECT("'"&C76&"'!N83")} -> #REF! | L76: {=INDIRECT("'"&C76&"'!N98")} -> #REF! | M76: {=INDIRECT("'"&C76&"'!N100")} -> #REF! | N76: {=INDIRECT("'"&C76&"'!N110")} -> #REF!
B77: 72 | C77: 311.1 | D77: {=INDIRECT("'"&C77&"'!L33")} -> #REF! | E77: C$33$ | F77: ="='"&C77&"'!"&E77 -> ='311.1'!C$33$ | G77: {=INDIRECT("'"&C77&"'!C33")} -> #REF! | I77: {=INDIRECT("'"&C77&"'!N53")} -> #REF! | J77: {=INDIRECT("'"&C77&"'!N73")} -> #REF! | K77: {=INDIRECT("'"&C77&"'!N83")} -> #REF! | L77: {=INDIRECT("'"&C77&"'!N98")} -> #REF! | M77: {=INDIRECT("'"&C77&"'!N100")} -> #REF! | N77: {=INDIRECT("'"&C77&"'!N110")} -> #REF!
B78: 73 | C78: 312.1 | D78: {=INDIRECT("'"&C78&"'!L33")} -> #REF! | E78: C$33$ | F78: ="='"&C78&"'!"&E78 -> ='312.1'!C$33$ | G78: {=INDIRECT("'"&C78&"'!C33")} -> #REF! | I78: {=INDIRECT("'"&C78&"'!N53")} -> #REF! | J78: {=INDIRECT("'"&C78&"'!N73")} -> #REF! | K78: {=INDIRECT("'"&C78&"'!N83")} -> #REF! | L78: {=INDIRECT("'"&C78&"'!N98")} -> #REF! | M78: {=INDIRECT("'"&C78&"'!N100")} -> #REF! | N78: {=INDIRECT("'"&C78&"'!N110")} -> #REF!
B79: 74 | C79: 312.2 | D79: {=INDIRECT("'"&C79&"'!L33")} -> #REF! | E79: C$33$ | F79: ="='"&C79&"'!"&E79 -> ='312.2'!C$33$ | G79: {=INDIRECT("'"&C79&"'!C33")} -> #REF! | I79: {=INDIRECT("'"&C79&"'!N53")} -> #REF! | J79: {=INDIRECT("'"&C79&"'!N73")} -> #REF! | K79: {=INDIRECT("'"&C79&"'!N83")} -> #REF! | L79: {=INDIRECT("'"&C79&"'!N98")} -> #REF! | M79: {=INDIRECT("'"&C79&"'!N100")} -> #REF! | N79: {=INDIRECT("'"&C79&"'!N110")} -> #REF!
B80: 75 | C80: 312.3 | D80: {=INDIRECT("'"&C80&"'!L33")} -> #REF! | E80: C$33$ | F80: ="='"&C80&"'!"&E80 -> ='312.3'!C$33$ | G80: {=INDIRECT("'"&C80&"'!C33")} -> #REF! | I80: {=INDIRECT("'"&C80&"'!N53")} -> #REF! | J80: {=INDIRECT("'"&C80&"'!N73")} -> #REF! | K80: {=INDIRECT("'"&C80&"'!N83")} -> #REF! | L80: {=INDIRECT("'"&C80&"'!N98")} -> #REF! | M80: {=INDIRECT("'"&C80&"'!N100")} -> #REF! | N80: {=INDIRECT("'"&C80&"'!N110")} -> #REF!
B81: 76 | C81: 312.4 | D81: {=INDIRECT("'"&C81&"'!L33")} -> #REF! | E81: C$33$ | F81: ="='"&C81&"'!"&E81 -> ='312.4'!C$33$ | G81: {=INDIRECT("'"&C81&"'!C33")} -> #REF! | I81: {=INDIRECT("'"&C81&"'!N53")} -> #REF! | J81: {=INDIRECT("'"&C81&"'!N73")} -> #REF! | K81: {=INDIRECT("'"&C81&"'!N83")} -> #REF! | L81: {=INDIRECT("'"&C81&"'!N98")} -> #REF! | M81: {=INDIRECT("'"&C81&"'!N100")} -> #REF! | N81: {=INDIRECT("'"&C81&"'!N110")} -> #REF!
B82: 77 | C82: 320.1.1 | D82: {=INDIRECT("'"&C82&"'!L33")} -> #REF! | E82: C$33$ | F82: ="='"&C82&"'!"&E82 -> ='320.1.1'!C$33$ | G82: {=INDIRECT("'"&C82&"'!C33")} -> #REF! | I82: {=INDIRECT("'"&C82&"'!N53")} -> #REF! | J82: {=INDIRECT("'"&C82&"'!N73")} -> #REF! | K82: {=INDIRECT("'"&C82&"'!N83")} -> #REF! | L82: {=INDIRECT("'"&C82&"'!N98")} -> #REF! | M82: {=INDIRECT("'"&C82&"'!N100")} -> #REF! | N82: {=INDIRECT("'"&C82&"'!N110")} -> #REF!
B83: 78 | C83: 320.1.2 | D83: {=INDIRECT("'"&C83&"'!L33")} -> #REF! | E83: C$33$ | F83: ="='"&C83&"'!"&E83 -> ='320.1.2'!C$33$ | G83: {=INDIRECT("'"&C83&"'!C33")} -> #REF! | I83: {=INDIRECT("'"&C83&"'!N53")} -> #REF! | J83: {=INDIRECT("'"&C83&"'!N73")} -> #REF! | K83: {=INDIRECT("'"&C83&"'!N83")} -> #REF! | L83: {=INDIRECT("'"&C83&"'!N98")} -> #REF! | M83: {=INDIRECT("'"&C83&"'!N100")} -> #REF! | N83: {=INDIRECT("'"&C83&"'!N110")} -> #REF!
B84: 79 | C84: 320.2.1 | D84: {=INDIRECT("'"&C84&"'!L33")} -> #REF! | E84: C$33$ | F84: ="='"&C84&"'!"&E84 -> ='320.2.1'!C$33$ | G84: {=INDIRECT("'"&C84&"'!C33")} -> #REF! | I84: {=INDIRECT("'"&C84&"'!N53")} -> #REF! | J84: {=INDIRECT("'"&C84&"'!N73")} -> #REF! | K84: {=INDIRECT("'"&C84&"'!N83")} -> #REF! | L84: {=INDIRECT("'"&C84&"'!N98")} -> #REF! | M84: {=INDIRECT("'"&C84&"'!N100")} -> #REF! | N84: {=INDIRECT("'"&C84&"'!N110")} -> #REF!
B85: 80 | C85: 320.2.2 | D85: {=INDIRECT("'"&C85&"'!L33")} -> #REF! | E85: C$33$ | F85: ="='"&C85&"'!"&E85 -> ='320.2.2'!C$33$ | G85: {=INDIRECT("'"&C85&"'!C33")} -> #REF! | I85: {=INDIRECT("'"&C85&"'!N53")} -> #REF! | J85: {=INDIRECT("'"&C85&"'!N73")} -> #REF! | K85: {=INDIRECT("'"&C85&"'!N83")} -> #REF! | L85: {=INDIRECT("'"&C85&"'!N98")} -> #REF! | M85: {=INDIRECT("'"&C85&"'!N100")} -> #REF! | N85: {=INDIRECT("'"&C85&"'!N110")} -> #REF!
B86: 81 | C86: 320.3.1 | D86: {=INDIRECT("'"&C86&"'!L33")} -> #REF! | E86: C$33$ | F86: ="='"&C86&"'!"&E86 -> ='320.3.1'!C$33$ | G86: {=INDIRECT("'"&C86&"'!C33")} -> #REF! | I86: {=INDIRECT("'"&C86&"'!N53")} -> #REF! | J86: {=INDIRECT("'"&C86&"'!N73")} -> #REF! | K86: {=INDIRECT("'"&C86&"'!N83")} -> #REF! | L86: {=INDIRECT("'"&C86&"'!N98")} -> #REF! | M86: {=INDIRECT("'"&C86&"'!N100")} -> #REF! | N86: {=INDIRECT("'"&C86&"'!N110")} -> #REF!
B87: 82 | C87: 320.3.2 | D87: {=INDIRECT("'"&C87&"'!L33")} -> #REF! | E87: C$33$ | F87: ="='"&C87&"'!"&E87 -> ='320.3.2'!C$33$ | G87: {=INDIRECT("'"&C87&"'!C33")} -> #REF! | I87: {=INDIRECT("'"&C87&"'!N53")} -> #REF! | J87: {=INDIRECT("'"&C87&"'!N73")} -> #REF! | K87: {=INDIRECT("'"&C87&"'!N83")} -> #REF! | L87: {=INDIRECT("'"&C87&"'!N98")} -> #REF! | M87: {=INDIRECT("'"&C87&"'!N100")} -> #REF! | N87: {=INDIRECT("'"&C87&"'!N110")} -> #REF!
... B93: 88 | C93: 320.6.2 | D93: {=INDIRECT("'"&C93&"'!L33")} -> #REF! | E93: C$33$ | F93: ="='"&C93&"'!"&E93 -> ='320.6.2'!C$33$ | G93: {=INDIRECT("'"&C93&"'!C33")} -> #REF! | I93: {=INDIRECT("'"&C93&"'!N53")} -> #REF! | J93: {=INDIRECT("'"&C93&"'!N73")} -> #REF! | K93: {=INDIRECT("'"&C93&"'!N83")} -> #REF! | L93: {=INDIRECT("'"&C93&"'!N98")} -> #REF! | M93: {=INDIRECT("'"&C93&"'!N100")} -> #REF! | N93: {=INDIRECT("'"&C93&"'!N110")} -> #REF!
B94: 89 | C94: 321.1 | D94: {=INDIRECT("'"&C94&"'!L33")} -> #REF! | G94: {=INDIRECT("'"&C94&"'!C33")} -> #REF! | I94: {=INDIRECT("'"&C94&"'!N53")} -> #REF! | J94: {=INDIRECT("'"&C94&"'!N73")} -> #REF! | K94: {=INDIRECT("'"&C94&"'!N83")} -> #REF! | L94: {=INDIRECT("'"&C94&"'!N98")} -> #REF! | M94: {=INDIRECT("'"&C94&"'!N100")} -> #REF! | N94: {=INDIRECT("'"&C94&"'!N110")} -> #REF!
B95: 90 | C95: 321.2 | D95: {=INDIRECT("'"&C95&"'!L33")} -> #REF! | G95: {=INDIRECT("'"&C95&"'!C33")} -> #REF! | I95: {=INDIRECT("'"&C95&"'!N53")} -> #REF! | J95: {=INDIRECT("'"&C95&"'!N73")} -> #REF! | K95: {=INDIRECT("'"&C95&"'!N83")} -> #REF! | L95: {=INDIRECT("'"&C95&"'!N98")} -> #REF! | M95: {=INDIRECT("'"&C95&"'!N100")} -> #REF! | N95: {=INDIRECT("'"&C95&"'!N110")} -> #REF!
B96: 91 | C96: 323.1 | D96: {=INDIRECT("'"&C96&"'!L33")} -> #REF! | G96: {=INDIRECT("'"&C96&"'!C33")} -> #REF! | I96: {=INDIRECT("'"&C96&"'!N53")} -> #REF! | J96: {=INDIRECT("'"&C96&"'!N73")} -> #REF! | K96: {=INDIRECT("'"&C96&"'!N83")} -> #REF! | L96: {=INDIRECT("'"&C96&"'!N98")} -> #REF! | M96: {=INDIRECT("'"&C96&"'!N100")} -> #REF! | N96: {=INDIRECT("'"&C96&"'!N110")} -> #REF!
B97: 92 | C97: 323.2.1 | D97: {=INDIRECT("'"&C97&"'!L33")} -> #REF! | G97: {=INDIRECT("'"&C97&"'!C33")} -> #REF! | I97: {=INDIRECT("'"&C97&"'!N53")} -> #REF! | J97: {=INDIRECT("'"&C97&"'!N73")} -> #REF! | K97: {=INDIRECT("'"&C97&"'!N83")} -> #REF! | L97: {=INDIRECT("'"&C97&"'!N98")} -> #REF! | M97: {=INDIRECT("'"&C97&"'!N100")} -> #REF! | N97: {=INDIRECT("'"&C97&"'!N110")} -> #REF!
B98: 93 | C98: 323.2.2 | D98: {=INDIRECT("'"&C98&"'!L33")} -> #REF! | G98: {=INDIRECT("'"&C98&"'!C33")} -> #REF! | I98: {=INDIRECT("'"&C98&"'!N53")} -> #REF! | J98: {=INDIRECT("'"&C98&"'!N73")} -> #REF! | K98: {=INDIRECT("'"&C98&"'!N83")} -> #REF! | L98: {=INDIRECT("'"&C98&"'!N98")} -> #REF! | M98: {=INDIRECT("'"&C98&"'!N100")} -> #REF! | N98: {=INDIRECT("'"&C98&"'!N110")} -> #REF!
B99: 94 | C99: 323.3.1 | D99: {=INDIRECT("'"&C99&"'!L33")} -> #REF! | G99: {=INDIRECT("'"&C99&"'!C33")} -> #REF! | I99: {=INDIRECT("'"&C99&"'!N53")} -> #REF! | J99: {=INDIRECT("'"&C99&"'!N73")} -> #REF! | K99: {=INDIRECT("'"&C99&"'!N83")} -> #REF! | L99: {=INDIRECT("'"&C99&"'!N98")} -> #REF! | M99: {=INDIRECT("'"&C99&"'!N100")} -> #REF! | N99: {=INDIRECT("'"&C99&"'!N110")} -> #REF!
B100: 95 | C100: 323.3.2 | D100: {=INDIRECT("'"&C100&"'!L33")} -> #REF! | G100: {=INDIRECT("'"&C96&"'!C33")} -> #REF! | I100: {=INDIRECT("'"&C100&"'!N53")} -> #REF! | J100: {=INDIRECT("'"&C100&"'!N73")} -> #REF! | K100: {=INDIRECT("'"&C100&"'!N83")} -> #REF! | L100: {=INDIRECT("'"&C100&"'!N98")} -> #REF! | M100: {=INDIRECT("'"&C100&"'!N100")} -> #REF! | N100: {=INDIRECT("'"&C100&"'!N110")} -> #REF!
B101: 96 | C101: 323.4 | D101: {=INDIRECT("'"&C101&"'!L33")} -> #REF! | G101: {=INDIRECT("'"&C101&"'!C33")} -> #REF! | I101: {=INDIRECT("'"&C101&"'!N53")} -> #REF! | J101: {=INDIRECT("'"&C101&"'!N73")} -> #REF! | K101: {=INDIRECT("'"&C101&"'!N83")} -> #REF! | L101: {=INDIRECT("'"&C101&"'!N98")} -> #REF! | M101: {=INDIRECT("'"&C101&"'!N100")} -> #REF! | N101: {=INDIRECT("'"&C101&"'!N110")} -> #REF!
B102: 97 | C102: 323.5.1 | D102: {=INDIRECT("'"&C102&"'!L33")} -> #REF! | G102: {=INDIRECT("'"&C102&"'!C33")} -> #REF! | I102: {=INDIRECT("'"&C102&"'!N53")} -> #REF! | J102: {=INDIRECT("'"&C102&"'!N73")} -> #REF! | K102: {=INDIRECT("'"&C102&"'!N83")} -> #REF! | L102: {=INDIRECT("'"&C102&"'!N98")} -> #REF! | M102: {=INDIRECT("'"&C102&"'!N100")} -> #REF! | N102: {=INDIRECT("'"&C102&"'!N110")} -> #REF!
B103: 98 | C103: 323.5.2 | D103: {=INDIRECT("'"&C103&"'!L33")} -> #REF! | G103: {=INDIRECT("'"&C103&"'!C33")} -> #REF! | I103: {=INDIRECT("'"&C103&"'!N53")} -> #REF! | J103: {=INDIRECT("'"&C103&"'!N73")} -> #REF! | K103: {=INDIRECT("'"&C103&"'!N83")} -> #REF! | L103: {=INDIRECT("'"&C103&"'!N98")} -> #REF! | M103: {=INDIRECT("'"&C103&"'!N100")} -> #REF! | N103: {=INDIRECT("'"&C103&"'!N110")} -> #REF!
B104: 99 | C104: 323.6.1 | D104: {=INDIRECT("'"&C104&"'!L33")} -> #REF! | G104: {=INDIRECT("'"&C104&"'!C33")} -> #REF! | I104: {=INDIRECT("'"&C104&"'!N53")} -> #REF! | J104: {=INDIRECT("'"&C104&"'!N73")} -> #REF! | K104: {=INDIRECT("'"&C104&"'!N83")} -> #REF! | L104: {=INDIRECT("'"&C104&"'!N98")} -> #REF! | M104: {=INDIRECT("'"&C104&"'!N100")} -> #REF! | N104: {=INDIRECT("'"&C104&"'!N110")} -> #REF!
B105: 100 | C105: 323.6.2 | D105: {=INDIRECT("'"&C105&"'!L33")} -> #REF! | G105: {=INDIRECT("'"&C105&"'!C33")} -> #REF! | I105: {=INDIRECT("'"&C105&"'!N53")} -> #REF! | J105: {=INDIRECT("'"&C105&"'!N73")} -> #REF! | K105: {=INDIRECT("'"&C105&"'!N83")} -> #REF! | L105: {=INDIRECT("'"&C105&"'!N98")} -> #REF! | M105: {=INDIRECT("'"&C105&"'!N100")} -> #REF! | N105: {=INDIRECT("'"&C105&"'!N110")} -> #REF!
B106: 101 | C106: 330.1.1 | D106: {=INDIRECT("'"&C106&"'!L33")} -> #REF! | E106: C$33$ | F106: ="='"&C106&"'!"&E106 -> ='330.1.1'!C$33$ | G106: {=INDIRECT("'"&C106&"'!C33")} -> #REF! | I106: {=INDIRECT("'"&C106&"'!N53")} -> #REF! | J106: {=INDIRECT("'"&C106&"'!N73")} -> #REF! | K106: {=INDIRECT("'"&C106&"'!N83")} -> #REF! | L106: {=INDIRECT("'"&C106&"'!N98")} -> #REF! | M106: {=INDIRECT("'"&C106&"'!N100")} -> #REF! | N106: {=INDIRECT("'"&C106&"'!N110")} -> #REF!
B107: 102 | C107: 330.1.2 | D107: {=INDIRECT("'"&C107&"'!L33")} -> #REF! | E107: C$33$ | F107: ="='"&C107&"'!"&E107 -> ='330.1.2'!C$33$ | G107: {=INDIRECT("'"&C107&"'!C33")} -> #REF! | I107: {=INDIRECT("'"&C107&"'!N53")} -> #REF! | J107: {=INDIRECT("'"&C107&"'!N73")} -> #REF! | K107: {=INDIRECT("'"&C107&"'!N83")} -> #REF! | L107: {=INDIRECT("'"&C107&"'!N98")} -> #REF! | M107: {=INDIRECT("'"&C107&"'!N100")} -> #REF! | N107: {=INDIRECT("'"&C107&"'!N110")} -> #REF!
B108: 103 | C108: 330.2.1 | D108: {=INDIRECT("'"&C108&"'!L33")} -> #REF! | E108: C$33$ | F108: ="='"&C108&"'!"&E108 -> ='330.2.1'!C$33$ | G108: {=INDIRECT("'"&C108&"'!C33")} -> #REF! | I108: {=INDIRECT("'"&C108&"'!N53")} -> #REF! | J108: {=INDIRECT("'"&C108&"'!N73")} -> #REF! | K108: {=INDIRECT("'"&C108&"'!N83")} -> #REF! | L108: {=INDIRECT("'"&C108&"'!N98")} -> #REF! | M108: {=INDIRECT("'"&C108&"'!N100")} -> #REF! | N108: {=INDIRECT("'"&C108&"'!N110")} -> #REF!
B109: 104 | C109: 330.2.2 | D109: {=INDIRECT("'"&C109&"'!L33")} -> #REF! | E109: C$33$ | F109: ="='"&C109&"'!"&E109 -> ='330.2.2'!C$33$ | G109: {=INDIRECT("'"&C109&"'!C33")} -> #REF! | I109: {=INDIRECT("'"&C109&"'!N53")} -> #REF! | J109: {=INDIRECT("'"&C109&"'!N73")} -> #REF! | K109: {=INDIRECT("'"&C109&"'!N83")} -> #REF! | L109: {=INDIRECT("'"&C109&"'!N98")} -> #REF! | M109: {=INDIRECT("'"&C109&"'!N100")} -> #REF! | N109: {=INDIRECT("'"&C109&"'!N110")} -> #REF!
B110: 105 | C110: 330.3.1 | D110: {=INDIRECT("'"&C110&"'!L33")} -> #REF! | E110: C$33$ | F110: ="='"&C110&"'!"&E110 -> ='330.3.1'!C$33$ | G110: {=INDIRECT("'"&C110&"'!C33")} -> #REF! | I110: {=INDIRECT("'"&C110&"'!N53")} -> #REF! | J110: {=INDIRECT("'"&C110&"'!N73")} -> #REF! | K110: {=INDIRECT("'"&C110&"'!N83")} -> #REF! | L110: {=INDIRECT("'"&C110&"'!N98")} -> #REF! | M110: {=INDIRECT("'"&C110&"'!N100")} -> #REF! | N110: {=INDIRECT("'"&C110&"'!N110")} -> #REF!
B111: 106 | C111: 330.3.2 | D111: {=INDIRECT("'"&C111&"'!L33")} -> #REF! | E111: C$33$ | F111: ="='"&C111&"'!"&E111 -> ='330.3.2'!C$33$ | G111: {=INDIRECT("'"&C111&"'!C33")} -> #REF! | I111: {=INDIRECT("'"&C111&"'!N53")} -> #REF! | J111: {=INDIRECT("'"&C111&"'!N73")} -> #REF! | K111: {=INDIRECT("'"&C111&"'!N83")} -> #REF! | L111: {=INDIRECT("'"&C111&"'!N98")} -> #REF! | M111: {=INDIRECT("'"&C111&"'!N100")} -> #REF! | N111: {=INDIRECT("'"&C111&"'!N110")} -> #REF!
B112: 107 | C112: 330.4.1 | D112: {=INDIRECT("'"&C112&"'!L33")} -> #REF! | E112: C$33$ | F112: ="='"&C112&"'!"&E112 -> ='330.4.1'!C$33$ | G112: {=INDIRECT("'"&C112&"'!C33")} -> #REF! | I112: {=INDIRECT("'"&C112&"'!N53")} -> #REF! | J112: {=INDIRECT("'"&C112&"'!N73")} -> #REF! | K112: {=INDIRECT("'"&C112&"'!N83")} -> #REF! | L112: {=INDIRECT("'"&C112&"'!N98")} -> #REF! | M112: {=INDIRECT("'"&C112&"'!N100")} -> #REF! | N112: {=INDIRECT("'"&C112&"'!N110")} -> #REF!
B113: 108 | C113: 330.4.2 | D113: {=INDIRECT("'"&C113&"'!L33")} -> #REF! | E113: C$33$ | F113: ="='"&C113&"'!"&E113 -> ='330.4.2'!C$33$ | G113: {=INDIRECT("'"&C113&"'!C33")} -> #REF! | I113: {=INDIRECT("'"&C113&"'!N53")} -> #REF! | J113: {=INDIRECT("'"&C113&"'!N73")} -> #REF! | K113: {=INDIRECT("'"&C113&"'!N83")} -> #REF! | L113: {=INDIRECT("'"&C113&"'!N98")} -> #REF! | M113: {=INDIRECT("'"&C113&"'!N100")} -> #REF! | N113: {=INDIRECT("'"&C113&"'!N110")} -> #REF!
B114: 109 | C114: 330.5.1 | D114: {=INDIRECT("'"&C114&"'!L33")} -> #REF! | E114: C$33$ | F114: ="='"&C114&"'!"&E114 -> ='330.5.1'!C$33$ | G114: {=INDIRECT("'"&C114&"'!C33")} -> #REF! | I114: {=INDIRECT("'"&C114&"'!N53")} -> #REF! | J114: {=INDIRECT("'"&C114&"'!N73")} -> #REF! | K114: {=INDIRECT("'"&C114&"'!N83")} -> #REF! | L114: {=INDIRECT("'"&C114&"'!N98")} -> #REF! | M114: {=INDIRECT("'"&C114&"'!N100")} -> #REF! | N114: {=INDIRECT("'"&C114&"'!N110")} -> #REF!
B115: 110 | C115: 330.5.2 | D115: {=INDIRECT("'"&C115&"'!L33")} -> #REF! | E115: C$33$ | F115: ="='"&C115&"'!"&E115 -> ='330.5.2'!C$33$ | G115: {=INDIRECT("'"&C115&"'!C33")} -> #REF! | I115: {=INDIRECT("'"&C115&"'!N53")} -> #REF! | J115: {=INDIRECT("'"&C115&"'!N73")} -> #REF! | K115: {=INDIRECT("'"&C115&"'!N83")} -> #REF! | L115: {=INDIRECT("'"&C115&"'!N98")} -> #REF! | M115: {=INDIRECT("'"&C115&"'!N100")} -> #REF! | N115: {=INDIRECT("'"&C115&"'!N110")} -> #REF!
B116: 111 | C116: 330.6.1 | D116: {=INDIRECT("'"&C116&"'!L33")} -> #REF! | E116: C$33$ | F116: ="='"&C116&"'!"&E116 -> ='330.6.1'!C$33$ | G116: {=INDIRECT("'"&C116&"'!C33")} -> #REF! | I116: {=INDIRECT("'"&C116&"'!N53")} -> #REF! | J116: {=INDIRECT("'"&C116&"'!N73")} -> #REF! | K116: {=INDIRECT("'"&C116&"'!N83")} -> #REF! | L116: {=INDIRECT("'"&C116&"'!N98")} -> #REF! | M116: {=INDIRECT("'"&C116&"'!N100")} -> #REF! | N116: {=INDIRECT("'"&C116&"'!N110")} -> #REF!
B117: 112 | C117: 330.6.2 | D117: {=INDIRECT("'"&C117&"'!L33")} -> #REF! | E117: C$33$ | F117: ="='"&C117&"'!"&E117 -> ='330.6.2'!C$33$ | G117: {=INDIRECT("'"&C117&"'!C33")} -> #REF! | I117: {=INDIRECT("'"&C117&"'!N53")} -> #REF! | J117: {=INDIRECT("'"&C117&"'!N73")} -> #REF! | K117: {=INDIRECT("'"&C117&"'!N83")} -> #REF! | L117: {=INDIRECT("'"&C117&"'!N98")} -> #REF! | M117: {=INDIRECT("'"&C117&"'!N100")} -> #REF! | N117: {=INDIRECT("'"&C117&"'!N110")} -> #REF!
... B120: 115 | C120: 340.3 | D120: {=INDIRECT("'"&C120&"'!L33")} -> #REF! | E120: C$33$ | F120: ="='"&C120&"'!"&E120 -> ='340.3'!C$33$ | G120: {=INDIRECT("'"&C120&"'!C33")} -> #REF! | I120: {=INDIRECT("'"&C120&"'!N53")} -> #REF! | J120: {=INDIRECT("'"&C120&"'!N73")} -> #REF! | K120: {=INDIRECT("'"&C120&"'!N83")} -> #REF! | L120: {=INDIRECT("'"&C120&"'!N98")} -> #REF! | M120: {=INDIRECT("'"&C120&"'!N100")} -> #REF! | N120: {=INDIRECT("'"&C120&"'!N110")} -> #REF!
B121: 116 | C121: 341.1 | D121: {=INDIRECT("'"&C121&"'!L33")} -> #REF! | G121: {=INDIRECT("'"&C121&"'!C33")} -> #REF! | I121: {=INDIRECT("'"&C121&"'!N53")} -> #REF! | J121: {=INDIRECT("'"&C121&"'!N73")} -> #REF! | K121: {=INDIRECT("'"&C121&"'!N83")} -> #REF! | L121: {=INDIRECT("'"&C121&"'!N98")} -> #REF! | M121: {=INDIRECT("'"&C121&"'!N100")} -> #REF! | N121: {=INDIRECT("'"&C121&"'!N110")} -> #REF!
B122: 117 | C122: 341.2 | D122: {=INDIRECT("'"&C122&"'!L33")} -> #REF! | G122: {=INDIRECT("'"&C122&"'!C33")} -> #REF! | I122: {=INDIRECT("'"&C122&"'!N53")} -> #REF! | J122: {=INDIRECT("'"&C122&"'!N73")} -> #REF! | K122: {=INDIRECT("'"&C122&"'!N83")} -> #REF! | L122: {=INDIRECT("'"&C122&"'!N98")} -> #REF! | M122: {=INDIRECT("'"&C122&"'!N100")} -> #REF! | N122: {=INDIRECT("'"&C122&"'!N110")} -> #REF!
B123: 118 | C123: 350.1 | D123: {=INDIRECT("'"&C123&"'!L33")} -> #REF! | E123: C$33$ | F123: ="='"&C123&"'!"&E123 -> ='350.1'!C$33$ | G123: {=INDIRECT("'"&C123&"'!C33")} -> #REF! | I123: {=INDIRECT("'"&C123&"'!N53")} -> #REF! | J123: {=INDIRECT("'"&C123&"'!N73")} -> #REF! | K123: {=INDIRECT("'"&C123&"'!N83")} -> #REF! | L123: {=INDIRECT("'"&C123&"'!N98")} -> #REF! | M123: {=INDIRECT("'"&C123&"'!N100")} -> #REF! | N123: {=INDIRECT("'"&C123&"'!N110")} -> #REF!
B124: 119 | C124: 350.2 | D124: {=INDIRECT("'"&C124&"'!L33")} -> #REF! | E124: C$33$ | F124: ="='"&C124&"'!"&E124 -> ='350.2'!C$33$ | G124: {=INDIRECT("'"&C124&"'!C33")} -> #REF! | I124: {=INDIRECT("'"&C124&"'!N53")} -> #REF! | J124: {=INDIRECT("'"&C124&"'!N73")} -> #REF! | K124: {=INDIRECT("'"&C124&"'!N83")} -> #REF! | L124: {=INDIRECT("'"&C124&"'!N98")} -> #REF! | M124: {=INDIRECT("'"&C124&"'!N100")} -> #REF! | N124: {=INDIRECT("'"&C124&"'!N110")} -> #REF!
B125: 120 | C125: 350.3 | D125: {=INDIRECT("'"&C125&"'!L33")} -> #REF! | E125: C$33$ | F125: ="='"&C125&"'!"&E125 -> ='350.3'!C$33$ | G125: {=INDIRECT("'"&C125&"'!C33")} -> #REF! | I125: {=INDIRECT("'"&C125&"'!N53")} -> #REF! | J125: {=INDIRECT("'"&C125&"'!N73")} -> #REF! | K125: {=INDIRECT("'"&C125&"'!N83")} -> #REF! | L125: {=INDIRECT("'"&C125&"'!N98")} -> #REF! | M125: {=INDIRECT("'"&C125&"'!N100")} -> #REF! | N125: {=INDIRECT("'"&C125&"'!N110")} -> #REF!
B126: 121 | C126: 350.4 | D126: {=INDIRECT("'"&C126&"'!L33")} -> #REF! | E126: C$33$ | F126: ="='"&C126&"'!"&E126 -> ='350.4'!C$33$ | G126: {=INDIRECT("'"&C126&"'!C33")} -> #REF! | I126: {=INDIRECT("'"&C126&"'!N53")} -> #REF! | J126: {=INDIRECT("'"&C126&"'!N73")} -> #REF! | K126: {=INDIRECT("'"&C126&"'!N83")} -> #REF! | L126: {=INDIRECT("'"&C126&"'!N98")} -> #REF! | M126: {=INDIRECT("'"&C126&"'!N100")} -> #REF! | N126: {=INDIRECT("'"&C126&"'!N110")} -> #REF!
B127: 122 | C127: 350.5 | D127: {=INDIRECT("'"&C127&"'!L33")} -> #REF! | G127: {=INDIRECT("'"&C127&"'!C33")} -> #REF! | I127: {=INDIRECT("'"&C127&"'!N53")} -> #REF! | J127: {=INDIRECT("'"&C127&"'!N73")} -> #REF! | K127: {=INDIRECT("'"&C127&"'!N83")} -> #REF! | L127: {=INDIRECT("'"&C127&"'!N98")} -> #REF! | M127: {=INDIRECT("'"&C127&"'!N100")} -> #REF! | N127: {=INDIRECT("'"&C127&"'!N110")} -> #REF!
B128: 123 | C128: 350.6 | D128: {=INDIRECT("'"&C128&"'!L33")} -> #REF! | G128: {=INDIRECT("'"&C128&"'!C33")} -> #REF! | I128: {=INDIRECT("'"&C128&"'!N53")} -> #REF! | J128: {=INDIRECT("'"&C128&"'!N73")} -> #REF! | K128: {=INDIRECT("'"&C128&"'!N83")} -> #REF! | L128: {=INDIRECT("'"&C128&"'!N98")} -> #REF! | M128: {=INDIRECT("'"&C128&"'!N100")} -> #REF! | N128: {=INDIRECT("'"&C128&"'!N110")} -> #REF!
B129: 124 | C129: 350.7 | D129: {=INDIRECT("'"&C129&"'!L33")} -> #REF! | G129: {=INDIRECT("'"&C129&"'!C33")} -> #REF! | I129: {=INDIRECT("'"&C129&"'!N53")} -> #REF! | J129: {=INDIRECT("'"&C129&"'!N73")} -> #REF! | K129: {=INDIRECT("'"&C129&"'!N83")} -> #REF! | L129: {=INDIRECT("'"&C129&"'!N98")} -> #REF! | M129: {=INDIRECT("'"&C129&"'!N100")} -> #REF! | N129: {=INDIRECT("'"&C129&"'!N110")} -> #REF!
B130: 125 | C130: 350.8 | D130: {=INDIRECT("'"&C130&"'!L33")} -> #REF! | G130: {=INDIRECT("'"&C130&"'!C33")} -> #REF! | I130: {=INDIRECT("'"&C130&"'!N53")} -> #REF! | J130: {=INDIRECT("'"&C130&"'!N73")} -> #REF! | K130: {=INDIRECT("'"&C130&"'!N83")} -> #REF! | L130: {=INDIRECT("'"&C130&"'!N98")} -> #REF! | M130: {=INDIRECT("'"&C130&"'!N100")} -> #REF! | N130: {=INDIRECT("'"&C130&"'!N110")} -> #REF!
B131: 126 | C131: 350.9 | D131: {=INDIRECT("'"&C131&"'!L33")} -> #REF! | G131: {=INDIRECT("'"&C131&"'!C33")} -> #REF! | I131: {=INDIRECT("'"&C131&"'!N53")} -> #REF! | J131: {=INDIRECT("'"&C131&"'!N73")} -> #REF! | K131: {=INDIRECT("'"&C131&"'!N83")} -> #REF! | L131: {=INDIRECT("'"&C131&"'!N98")} -> #REF! | M131: {=INDIRECT("'"&C131&"'!N100")} -> #REF! | N131: {=INDIRECT("'"&C131&"'!N110")} -> #REF!
B132: 127 | C132: 410.1 | D132: {=INDIRECT("'"&C132&"'!L33")} -> #REF! | E132: C$33$ | F132: ="='"&C132&"'!"&E132 -> ='410.1'!C$33$ | G132: {=INDIRECT("'"&C132&"'!C33")} -> #REF! | I132: {=INDIRECT("'"&C132&"'!N53")} -> #REF! | J132: {=INDIRECT("'"&C132&"'!N73")} -> #REF! | K132: {=INDIRECT("'"&C132&"'!N83")} -> #REF! | L132: {=INDIRECT("'"&C132&"'!N98")} -> #REF! | M132: {=INDIRECT("'"&C132&"'!N100")} -> #REF! | N132: {=INDIRECT("'"&C132&"'!N110")} -> #REF!
B133: 128 | C133: 410.2 | D133: {=INDIRECT("'"&C133&"'!L33")} -> #REF! | E133: C$33$ | F133: ="='"&C133&"'!"&E133 -> ='410.2'!C$33$ | G133: {=INDIRECT("'"&C133&"'!C33")} -> #REF! | I133: {=INDIRECT("'"&C133&"'!N53")} -> #REF! | J133: {=INDIRECT("'"&C133&"'!N73")} -> #REF! | K133: {=INDIRECT("'"&C133&"'!N83")} -> #REF! | L133: {=INDIRECT("'"&C133&"'!N98")} -> #REF! | M133: {=INDIRECT("'"&C133&"'!N100")} -> #REF! | N133: {=INDIRECT("'"&C133&"'!N110")} -> #REF!
B134: 129 | C134: 410.3 | D134: {=INDIRECT("'"&C134&"'!L33")} -> #REF! | E134: C$33$ | F134: ="='"&C134&"'!"&E134 -> ='410.3'!C$33$ | G134: {=INDIRECT("'"&C134&"'!C33")} -> #REF! | I134: {=INDIRECT("'"&C134&"'!N53")} -> #REF! | J134: {=INDIRECT("'"&C134&"'!N73")} -> #REF! | K134: {=INDIRECT("'"&C134&"'!N83")} -> #REF! | L134: {=INDIRECT("'"&C134&"'!N98")} -> #REF! | M134: {=INDIRECT("'"&C134&"'!N100")} -> #REF! | N134: {=INDIRECT("'"&C134&"'!N110")} -> #REF!
B135: 130 | C135: 411.1 | D135: {=INDIRECT("'"&C135&"'!L33")} -> #REF! | E135: C$33$ | F135: ="='"&C135&"'!"&E135 -> ='411.1'!C$33$ | G135: {=INDIRECT("'"&C135&"'!C33")} -> #REF! | I135: {=INDIRECT("'"&C135&"'!N53")} -> #REF! | J135: {=INDIRECT("'"&C135&"'!N73")} -> #REF! | K135: {=INDIRECT("'"&C135&"'!N83")} -> #REF! | L135: {=INDIRECT("'"&C135&"'!N98")} -> #REF! | M135: {=INDIRECT("'"&C135&"'!N100")} -> #REF! | N135: {=INDIRECT("'"&C135&"'!N110")} -> #REF!
B136: 131 | C136: 411.2 | D136: {=INDIRECT("'"&C136&"'!L33")} -> #REF! | E136: C$33$ | F136: ="='"&C136&"'!"&E136 -> ='411.2'!C$33$ | G136: {=INDIRECT("'"&C136&"'!C33")} -> #REF! | I136: {=INDIRECT("'"&C136&"'!N53")} -> #REF! | J136: {=INDIRECT("'"&C136&"'!N73")} -> #REF! | K136: {=INDIRECT("'"&C136&"'!N83")} -> #REF! | L136: {=INDIRECT("'"&C136&"'!N98")} -> #REF! | M136: {=INDIRECT("'"&C136&"'!N100")} -> #REF! | N136: {=INDIRECT("'"&C136&"'!N110")} -> #REF!
B137: 132 | C137: 411.3 | D137: {=INDIRECT("'"&C137&"'!L33")} -> #REF! | E137: C$33$ | F137: ="='"&C137&"'!"&E137 -> ='411.3'!C$33$ | G137: {=INDIRECT("'"&C137&"'!C33")} -> #REF! | I137: {=INDIRECT("'"&C137&"'!N53")} -> #REF! | J137: {=INDIRECT("'"&C137&"'!N73")} -> #REF! | K137: {=INDIRECT("'"&C137&"'!N83")} -> #REF! | L137: {=INDIRECT("'"&C137&"'!N98")} -> #REF! | M137: {=INDIRECT("'"&C137&"'!N100")} -> #REF! | N137: {=INDIRECT("'"&C137&"'!N110")} -> #REF!
B138: 133 | C138: 411.4 | D138: {=INDIRECT("'"&C138&"'!L33")} -> #REF! | E138: C$33$ | F138: ="='"&C138&"'!"&E138 -> ='411.4'!C$33$ | G138: {=INDIRECT("'"&C138&"'!C33")} -> #REF! | I138: {=INDIRECT("'"&C138&"'!N53")} -> #REF! | J138: {=INDIRECT("'"&C138&"'!N73")} -> #REF! | K138: {=INDIRECT("'"&C138&"'!N83")} -> #REF! | L138: {=INDIRECT("'"&C138&"'!N98")} -> #REF! | M138: {=INDIRECT("'"&C138&"'!N100")} -> #REF! | N138: {=INDIRECT("'"&C138&"'!N110")} -> #REF!
...

Sheet MATERIALES
B1: INSTITUTO NACIONAL DE VÍAS SUBDIRECCIÓN DE PLANIFICACIÓN DE INFRAESTRUCTURA ANÁLISIS DE PRECIOS UNITARIOS DE REFERENCIA REGIONALIZADOS 2023-1
B4: LISTADO DE MATERIALES
B5: # | C5: Código | D5: unidad | E5: Insumo | F5: Precio ($ COP) | G5: CATEGORÍA
B6: 1 | C6: B0010045 | D6: kg | E6: Abrasivo para sandblasting (arena sílica, de cuarzo y/o abrasivo sintético) | F6: 2986.2597 | G6: Agregados
B7: 2 | C7: B0020001 | D7: kg | E7: Acero A-36 para estructura metálica | F7: 6070.945 | G7: Acero, alambres, soldadura y mallas metálicas
B8: 3 | C8: B0020004 | D8: kg | E8: Acero A-37 | F8: 6070.945 | G8: Acero, alambres, soldadura y mallas metálicas
B9: 4 | C9: B0020002 | D9: kg | E9: Acero A-40 | F9: 4672.3541 | G9: Acero, alambres, soldadura y mallas metálicas
B10: 5 | C10: B0020003 | D10: kg | E10: Acero de refuerzo PDR-60, Fy: 4200 kg/cm2 | F10: 4043.5186 | G10: Acero, alambres, soldadura y mallas metálicas
B11: 6 | C11: B0014905 | D11: kg | E11: Adhesivo bituminoso para tacha | F11: 103066.77 | G11: Aditivos y adhesivos
B12: 7 | C12: B0014896 | D12: kg | E12: Adhesivo epoxico para pega de concreto endurecido y concreto fresco | F12: 98059.654 | G12: Aditivos y adhesivos
B13: 8 | C13: B003003 | D13: kg | E13: Aditivo acelerante de fraguado para concreto hidraulico | F13: 17951.408 | G13: Aditivos y adhesivos
B14: 9 | C14: B0014899 | D14: kg | E14: Aditivo acuoso acelerante de fraguado y resistencia del concreto | F14: 18089.475 | G14: Aditivos y adhesivos
B15: 10 | C15: B0030001 | D15: kg | E15: Aditivo curador para pilotes | F15: 13331.129 | G15: Aditivos y adhesivos
B16: 11 | C16: B003004 | D16: kg | E16: Aditivo inclusor de aire para concreto | F16: 3244.5729 | G16: Aditivos y adhesivos
B17: 12 | C17: B003007 | D17: kg | E17: Aditivo para modificar la reología | F17: 12272.616 | G17: Aditivos y adhesivos
... B59: 54 | C59: B0303300 | D59: u | E59: Árbol tipo protector de 0.60 m (especie nativa) | F59: 19337.105 | G59: Árboles, vegetación, y fertilizantes.
B60: 55 | C60: B0303310 | D60: u | E60: Árbol tipo paisajístico de 1.20m (especie nativa) | F60: 23204.527 | G60: Árboles, vegetación, y fertilizantes. | L60: =BUSCARV('MATERIALES'!F187
B61: 56 | C61: B0093320 | D61: m3 | E61: Arena fina de rio para sello de juntas | F61: 59527.075 | G61: Agregados
B62: 57 | C62: B009111 | D62: m3 | E62: Arena de trituración y/o arena natural | F62: 58523.088 | G62: Agregados
B63: 58 | C63: B0093350 | D63: m3 | E63: Arena lavada | F63: 60498.104 | G63: Agregados
B64: 59 | C64: B0093330 | D64: m3 | E64: Arena media de rio para capa de soporte | F64: 57468.491 | G64: Agregados
B65: 60 | C65: B0013281 | D65: m | E65: Armadura de acero galvanizado A-663 | F65: 6070.945 | G65: Acero, alambres, soldadura y mallas metálicas
B66: 61 | C66: B008010 | D66: gl | E66: Asfalto líquido MC 70 | F66: 19837.769 | G66: Cementantes y bituminosos
B67: 62 | C67: B008011 | D67: gl | E67: Asfalto líquido MC-30 | F67: 18034.335 | G67: Cementantes y bituminosos
B68: 63 | C68: B008009 | D68: gl | E68: Asfalto líquido RC 250 | F68: 18034.335 | G68: Cementantes y bituminosos
B69: 64 | C69: B0010090 | D69: u | E69: Baño portátil sencillo | F69: 4189706.2 | G69: Independiente
B70: 65 | C70: B0013381 | D70: kg | E70: Barras de amarre corrugadas fy= 420 MPa | F70: 4784.7258 | G70: Acero, alambres, soldadura y mallas metálicas
B71: 66 | C71: B0013380 | D71: kg | E71: Barras de transferencia de carga (1'') | F71: 4784.7258 | G71: Acero, alambres, soldadura y mallas metálicas
B72: 67 | C72: B0013390 | D72: kg | E72: Barras de unión de 1/2" | F72: 4784.7258 | G72: Acero, alambres, soldadura y mallas metálicas
... B89: 84 | C89: B0013480 | D89: u | E89: Captafaro de cara rectangular o trapezoide en metal, plástico u otros. L1:15cm - L2:5.5cm - H:8cm | F89: 10313.123 | G89: Señalización y seguridad vial
B90: 85 | C90: B0013484 | D90: u | E90: Celda especial de carga Osterberg (prueba pilotes) | F90: No disponible | G90: Equipo especializado
B91: 86 | C91: B0103501 | D91: kg | E91: Cemento Asfáltico de penetración 40-50 | F91: 2857.3105 | G91: Cementantes y bituminosos
B92: 87 | C92: B0103490 | D92: kg | E92: Cemento Asfáltico de penetración 60-70 | F92: 2722.8488 | G92: Cementantes y bituminosos
B93: 88 | C93: B0103500 | D93: kg | E93: Cemento Asfáltico de penetración 80-100 | F93: 2739.6565 | G93: Cementantes y bituminosos
B94: 89 | C94: B0103551 | D94: kg | E94: Cemento asfáltico modificado con GCR tipo I | F94: 3344.734 | G94: Cementantes y bituminosos
B95: 90 | C95: B0103552 | D95: kg | E95: Cemento asfáltico modificado con GCR tipo II | F95: 3344.734 | G95: Cementantes y bituminosos
B96: 91 | C96: B0103553 | D96: kg | E96: Cemento asfáltico modificado con GCR tipo III | F96: 3344.734 | G96: Cementantes y bituminosos
B97: 92 | C97: B0103510 | D97: kg | E97: Cemento asfáltico modificado con polímeros CAM-1 (tipo I) | F97: 3457.3457 | G97: Cementantes y bituminosos
B98: 93 | C98: B0103520 | D98: kg | E98: Cemento asfáltico modificado con polímeros CAM-2 (tipo II) | F98: 3457.3457 | G98: Cementantes y bituminosos
B99: 94 | C99: B0103530 | D99: kg | E99: Cemento asfáltico modificado con polímeros CAM-3 (tipo III) | F99: 3563.2342 | G99: Cementantes y bituminosos
B100: 95 | C100: B0103540 | D100: kg | E100: Cemento asfáltico modificado con polímeros CAM-4 (tipo IV) | F100: 3563.2342 | G100: Cementantes y bituminosos
B101: 96 | C101: B0103550 | D101: kg | E101: Cemento asfáltico modificado con polímeros CAM-5 (tipo V) | F101: 3697.6959 | G101: Cementantes y bituminosos
B102: 97 | C102: B0103554 | D102: kg | E102: Cemento asfáltico modificado con polímeros CAM-6 (tipo VI) | F102: 3697.6959 | G102: Cementantes y bituminosos
... B433: 428 | C433: B0016600 | D433: kg | E433: Grano de Caucho Reciclado (GCR) | F433: 1680.7739 | G433: Agregados

Sheet EQUIPOS
B1: INSTITUTO NACIONAL DE VÍAS SUBDIRECCIÓN DE PLANIFICACIÓN DE INFRAESTRUCTURA ANÁLISIS DE PRECIOS UNITARIOS DE REFERENCIA REGIONALIZADOS 2023-1 | H1: oldasura
B4: LISTADO DE EQUIPOS
B5: # | C5: Código | D5: unidad | E5: Insumo | F5: CLASIFICACIÓN | G5: Precio ($ COP)
B6: 1 | C6: C0010011 | D6: u | E6: Andamiaje para aplicar la carga (Equipo sustituto de la tara) | F6: Mixto - Herramienta menor | G6: 98941.077
B7: 2 | C7: C0010010 | D7: h | E7: Aspersor manual de 20 litros | F7: Mixto - Herramienta menor | G7: 5275.2181
B8: 3 | C8: C0010015 | D8: h | E8: Astilladora de madera para triturar, potencia aproximada 75 HP | F8: Mixto - Herramienta menor | G8: 128437.34
B9: 4 | C9: C0010600 | D9: h | E9: Motobomba de concreto | F9: Concreto y mortero | G9: 122146.01
B10: 5 | C10: C0010020 | D10: h | E10: Barredora de succión, almacenamiento aproximado 6 m3 | F10: Mixto - Herramienta menor | G10: 148089.3
B11: 6 | C11: C0010030 | D11: h | E11: Bomba de concreto, producción: 30 m3/h- 50 m3/h | F11: Concreto y mortero | G11: 97990.384
B12: 7 | C12: C0010040 | D12: h | E12: Bomba de inyección de lechada | F12: Concreto y mortero | G12: 66376.278
B13: 8 | C13: C0010034 | D13: h | E13: Bomba eléctrica para accionar la celda especial de carga | F13: Mixto - Herramienta menor | G13: 99783.911
B14: 9 | C14: C0010050 | D14: h | E14: Bomba para gato de tensionamiento (fuerza máxima 300 toneladas) | F14: Mixto - Herramienta menor | G14: 82386.668
B15: 10 | C15: C0010053 | D15: h | E15: Buldozer potencia al volante de 305 HP, motor de 2100 RPM, longitud de hoja 6,39m | F15: Movimiento de tierra | G15: 289325.91
B16: 11 | C16: C0010052 | D16: h | E16: Buldozer, potencia al volante de 140 HP, motor de 2200 RPM, longitud de hoja 4,80m | F16: Movimiento de tierra | G16: 265535.25
B17: 12 | C17: C0010051 | D17: h | E17: Buldozer, Potencia al volante de 80 HP, motor de 2400 RPM, longitud de hoja 3,99m | F17: Movimiento de tierra | G17: 237284.02
... B147: 142 | C147: C0011100 | D147: h | E147: Hincador o martinete hidraulico 5-9 t para hinca de pilotes prefabricados montado sobre grua u oruga | F147: Mixto - Herramienta menor | G147: 682758.77

Sheet TRANSPORTE
B1: INSTITUTO NACIONAL DE VÍAS SUBDIRECCIÓN DE PLANIFICACIÓN DE INFRAESTRUCTURA ANÁLISIS DE PRECIOS UNITARIOS DE REFERENCIA REGIONALIZADOS 2023-1 | G1: OBSERVACIONES
B4: LISTADO DE TRANSPORTE
B5: # | C5: Código | D5: unidad | E5: Insumo | F5: Precio ($ COP)
B6: 1 | C6: T0100002 | D6: kg-km | E6: Transporte de acero | F6: 0.77060748
B7: 2 | C7: T0010001 | D7: t-km | E7: Transporte de acero | F7: 770.60748
B8: 3 | C8: T0010011 | D8: m3-km | E8: Transporte de adoquín e=8cm | F8: 1326.6229
B9: 4 | C9: T0010400 | D9: m3-km | E9: Transporte de agregados | F9: 779.05706
B10: 5 | C10: T0010004 | D10: m3-km | E10: Transporte de arena | F10: 866.42275
B11: 6 | C11: T0010053 | D11: m3-km | E11: Transporte de barrera de seguridad en concreto | F11: 1286.5571
B12: 7 | C12: T0010550 | D12: kg-km | E12: Transporte de cal | F12: 0.78780158
B13: 8 | C13: T0015011 | D13: kg-km | E13: Transporte de cemento asfáltico | F13: 0.78780158
B14: 9 | C14: T0010500 | D14: kg-km | E14: Transporte de cemento hidráulico | F14: 0.78780158
B15: 10 | C15: T0010009 | D15: m3-km | E15: Transporte de concreto | F15: 1404.4078
B16: 11 | C16: T0010120 | D16: m3-km | E16: Transporte de emulsión asfáltica | F16: 1.2320231
B17: 12 | C17: T0010160 | D17: kg-km | E17: Transporte de estructuras metálicas | F17: 1.1129387
... B42: 37 | C42: T0011010 | D42: m3-km | E42: Transporte de mezcla asfáltica natural | F42: 1081.987

Sheet MANO DE OBRA
B1: INSTITUTO NACIONAL DE VÍAS SUBDIRECCIÓN DE PLANIFICACIÓN DE INFRAESTRUCTURA ANÁLISIS DE PRECIOS UNITARIOS DE REFERENCIA REGIONALIZADOS 2023
B4: LISTADO DE MANO DE OBRA
B5: unidad | D5: Ítem | F5: VALOR ($ COP) | G5: OBSERVACIONES
B6: mes | D6: Salario mínimo legal mensual vigente - SMLMV básico 2023 | F6: 1160000
B7: mes | D7: Subsidio de transporte 2023 | F7: 140606
B8: mes | D8: Salario mínimo legal mensual vigente - SMLMV 2023 + Subsidio de transporte 2023 | F8: =F6+F7 -> 1300606
B9: día | D9: Jornal + subsidio de transporte 2023 | F9: =F8/30 -> 43353.533
B10: % | D10: Factor prestacional INVIAS vigente | F10: 0.85
B11: día | D11: Jornal básico con factor prestacional | F11: =(F6/30)+((F6/30)*F10) -> 71533.333
B12: mes | D12: salario basico SMLMV 2023 con factor prestacional | F12: =F6+(F10*F6) -> 2146000
B14: # | C14: Código | D14: unidad | E14: Insumo | F14: Precio ($ COP) | G14: Factor de Jornal 2022 | H14: OBSERVACIONES
B15: 1 | C15: A0100030 | D15: día | E15: Maestro | F15: =$F$11*G15 -> 178833.33 | G15: 2.5
B16: 2 | C16: A0100150 | D16: día | E16: Ayudante | F16: =$F$11*G16 -> 75110 | G16: 1.05
B17: 3 | C17: A0100190 | D17: día | E17: Almacenista | F17: =$F$11*G17 -> 75110 | G17: 1.05
B18: 4 | C18: A0030010 | D18: día | E18: Obrero | F18: =$F$11*G18 -> 71533.333 | G18: 1
B19: 5 | C19: A0030020 | D19: día | E19: Obrero (2) | F19: =$F$11*G19 -> 143066.67 | G19: 2
B20: 6 | C20: A0030030 | D20: día | E20: Obrero (3) | F20: =$F$11*G20 -> 214600 | G20: 3
B21: 7 | C21: A0030040 | D21: día | E21: Obrero (4) | F21: =$F$11*G21 -> 286133.33 | G21: 4
B22: 8 | C22: A0030050 | D22: día | E22: Obrero (5) | F22: =$F$11*G22 -> 357666.67 | G22: 5
B23: 9 | C23: A0030060 | D23: día | E23: Obrero (6) | F23: =$F$11*G23 -> 429200 | G23: 6
B24: 10 | C24: A0030070 | D24: día | E24: Obrero (7) | F24: =$F$11*G24 -> 500733.33 | G24: 7
B25: 11 | C25: A0030080 | D25: día | E25: Obrero (8) | F25: =$F$11*G25 -> 572266.67 | G25: 8
B26: 12 | C26: A0030090 | D26: día | E26: Obrero (9) | F26: =$F$11*G26 -> 643800 | G26: 9
... B45: 31 | C45: A0010010 | D45: día | E45: Cadenero | F45: =$F$11*G45 -> 82263.333 | G45: 1.15
B46: 32 | C46: A0100240 | D46: día | E46: Cadeneros (2) | F46: =$F$11*G46 -> 164526.67 | G46: =+G45*2 -> 2.3
B47: 33 | C47: A0100220 | D47: día | E47: Carpintero | F47: =$F$11*G47 -> 143066.67 | G47: 2
B48: 34 | C48: A0100130 | D48: día | E48: Armador | F48: =$F$11*G48 -> 75110 | G48: 1.05
B49: 35 | C49: A0050010 | D49: día | E49: Paletero | F49: =$F$11*G49 -> 71533.333 | G49: 1
B50: 36 | C50: A0050020 | D50: día | E50: Paletero (2) | F50: =$F$11*G50 -> 143066.67 | G50: 2
B51: 37 | C51: A0070010 | D51: día | E51: Rastrillero | F51: =$F$11*G51 -> 91562.667 | G51: 1.28
B52: 38 | C52: A0070020 | D52: día | E52: Rastrilleros (2) | F52: =$F$11*G52 -> 183125.33 | G52: 2.56
B53: 39 | C53: A0100140 | D53: día | E53: Cortador | F53: =$F$11*G53 -> 92993.333 | G53: 1.3
B54: 40 | C54: A0100092 | D54: día | E54: Operador prueba de integridad | F54: =$F$11*G54 -> 152366 | G54: 2.13
B55: 41 | C55: A0100280 | D55: día | E55: Operador de maquinaria pesada | F55: =$F$11*G55 -> 152366 | G55: 2.13
B56: 42 | C56: A0060010 | D56: día | E56: Perforador | F56: =$F$11*G56 -> 121606.67 | G56: 1.7
B57: 43 | C57: A0100040 | D57: día | E57: Perforador + Ayudante1 + Ayudante2 | F57: =$F$11*G57 -> 271826.67 | G57: 3.8
B58: 44 | C58: A0080010 | D58: día | E58: Soldador | F58: =$F$11*G58 -> 121606.67 | G58: 1.7
... B79: 65 | C79: A0100230 | D79: día | E79: Inspector de fabricacion montaje y pintura | F79: =$F$11*G79 -> 157373.33 | G79: 2.2

Sheet GEOSINT.
D2: INFORMACIÓN DE APU CON GEOSINTÉTICOS - EXISTENTE
C3: APU CON GEOSINTÉTICOS | E3: 223, 231, 232, 233, 464, 673, 683, 811 y NT 850 | L3: NOMBRES COMERCIALES
B5: ART. | C5: NOMBRE ARTÍCULO | D5: ITEM | E5: DESCRIPCIÓN ITEM | F5: UNIDAD ITEM | G5: COD INSUMO | H5: INSUMO | I5: UNIDAD | J5: EN VARIOS APU | K5: EXISTE EN MERCADO? | L5: GEOMATRIX | M5: PAVCO
B6: 223 | C6: Terraplenes reforzados con geosintéticos | D6: 223.1 | E6: GEOTEXTIL DE REFUERZO TIPO TEJIDO PARA TERRAPLENES REFORZADOS CON GEOSINTÉTICOS | F6: m2 | G6: B025001 | H6: Geotextil tejido con resistencia a la tensión Grab mínima de 1400 N y resistencia al punzonamiento estático CBR mínimo de 4,3 kN | I6: m2 | J6: * | K6: SI | L6: FORTEX BX 30 | M6: GEOTEXTIL TEJIDO T2400
D7: 223.2 | E7: GEOMALLA DE REFUERZO TIPO UNIAXIAL PARA TERRAPLENES REFORZADOS CON GEOSINTÉTICOS | F7: m2 | G7: B0264116 | H7: Geomalla uniaxial de poliéster de alta tenacidad con resistencia última a la tensión de 115 kN/m aproximadamente | I7: m2 | K7: SI | L7: GEOMALLA FORTGRID UX-100 | M7: GEOMALLA GUX-49
B8: 231 | C8: Separación de suelos de subrasante y capas granulares con geotextil | D8: 231.1 | E8: GEOTEXTIL TEJIDO PARA SEPARACIÓN DE SUELOS DE SUBRASANTE Y CAPAS GRANULARES | F8: m2 | G8: B025011 | H8: Geotextil tejido con resistencia a la tensión Grab mínima de 1100 N | I8: m2 | J8: * | M8: GEOTEXTIL TEJIDO T2100
E9: GEOTEXTIL NO TEJIDO PARA SEPARACIÓN DE SUELOS DE SUBRASANTE Y CAPAS GRANULARES | F9: m2 | G9: B025005 | H9: Geotextil no tejido con resistencia a la tensión Grab de 700 N aproximadamente | I9: m2 | L9: FIBERTEX F30G | M9: GEOTEXTIL TEJIDO T1400
B10: 232 | C10: Estabilización de suelos de subrasante con geotextil | D10: 232.1 | E10: GEOTEXTIL PARA ESTABILIZACIÓN DE LA SUBRASANTE | F10: m2 | G10: B025011 | H10: Geotextil tejido con resistencia a la tensión Grab mínima de 1100 N | I10: m2 | J10: *
B11: 233 | C11: Estabilización de suelos de subrasante y refuerzo de capas granulares con geomallas | D11: 233.1 | E11: GEOMALLA PARA ESTABILIZACION DE SUELOS DE SUBRASANTE | F11: m2 | G11: B0014112 | H11: Geomalla biaxial de polipropileno con resistencia última a la tensión de 20 kN/m | I11: m2 | J11: *
D12: 233.10 | E12: GEOMALLA PARA REFUERZO DE CAPAS GRANULARES | F12: m2 | G12: B0014112 | H12: Geomalla biaxial de polipropileno con resistencia última a la tensión de 20 kN/m | I12: m2 | J12: *
B13: 464 | C13: Geotextiles para repavimentación | D13: 464.1.1 | E13: GEOTEXTIL PARA REPAVIMENTACIÓN - LIGANTE ASFÁLTICO CRR-1 | F13: m2 | G13: B025008 | H13: Geotextil no tejido para repavimentación con resistencia a la tensión Grab mínima de 450 N | I13: m2 | J13: *
D14: 464.1.2 | E14: GEOTEXTIL PARA REPAVIMENTACIÓN - LIGANTE ASFÁLTICO CRR-1m | F14: m2 | G14: B025008 | H14: Geotextil no tejido para repavimentación con resistencia a la tensión Grab mínima de 450 N | I14: m2 | J14: *
B15: 673 | C15: Subdrenes con geotextil y material granular | D15: 673.1.1 | E15: GEOTEXTIL TIPO NO TEJIDO CON RESISTENCIA A LA TENSIÓN GRAB MÍNIMA DE 700 N APROXIMADAMENTE | F15: m2 | G15: B025005 | H15: Geotextil no tejido con resistencia a la tensión Grab de 700 N aproximadamente | I15: m2
D16: 673.1.2 | E16: GEOTEXTIL TIPO TEJIDO CON RESISTENCIA A LA TENSIÓN GRAB MÍNIMA DE 1400 N | F16: m2 | G16: B025001 | H16: Geotextil tejido con resistencia a la tensión Grab mínima de 1400 N | I16: m2
B17: 683 | C17: Muros de tierra estabilizada mecánicamente con geosintéticos | D17: 683.1 | E17: GEOTEXTIL DE REFUERZO TIPO___PARA MUROS DE TIERRA ESTABILIZADA MECANICAMENTE CON GEOSINTETICOS | F17: m2 | G17: B025101 | H17: Geotextil tejido de alto modulo con resistencia mínima a la rotura método Grab de 1400 N (MD) y 1500 N (TD) | I17: m2 | J17: *
D18: 683.2 | E18: GEOMALLA DE REFUERZO TIPO______ PARA MUROS DE TIERRA ESTABILIZADA MECANICAMENTE CON GEOSINTETICOS | F18: m2 | G18: B0264116 | H18: Geomalla uniaxial de poliéster de alta tenacidad con resistencia última a la tensión de 115 kN/m aproximadamente | I18: m2 | J18: *
D19: 683.3 | E19: GEOTEXTIL DE FACHADA TIPO_____ PARA MUROS DE TIERRA ESTABILIZADA MECANICAMENTE CON GEOSINTETICOS | F19: m2 | G19: B025101 | H19: Geotextil tejido de alto modulo con resistencia mínima a la rotura método Grab de 1400 N (MD) y 1500 N (TD) | I19: m2 | J19: *
D20: 683.4 | E20: GEOMALLA DE FACHADA TIPO_____ PARA MUROS DE TIERRA ESTABILIZADA MECANICAMENTE CON GEOSINTETICOS | F20: m2 | G20: B0264116 | H20: Geomalla uniaxial de poliéster de alta tenacidad con resistencia última a la tensión de 115 kN/m aproximadamente | I20: m2 | J20: *
B21: 811 | C21: Protección de taludes con productos enrollados para control de erosión | D21: 811.1 | E21: PROTECCIÓN DE TALUDES CON PRODUCTO ENROLLADO PARA CONTROL DE EROSIÓN DE TIPO MANTO PERMANENTE | F21: m2 | G21: B0014266 | H21: Manto permanente para refuerzo de la vegetación (TRM) | I21: m2
D22: 811.2 | E22: PROTECCION DE TALUDES CON PRODUCTO ENROLLADO PARA CONTROL DE EROSION DE TIPO MANTO TEMPORAL | F22: m2 | G22: B0014267 | H22: Manto para control de erosión (MCE) | I22: m2
C24: OTROS GEOSINTÉTICOS EN LISTADO DE MATERIALES
C25: CODIGO | D25: UNIDAD | E25: DESCRIPCIÓN INSUMO | F25: SE USA EN APU VIG | G25: CAMB NOMBRE | H25: AJUSTE NOMBRE ESPE. 2022
C26: B0014112 | D26: m2 | E26: Geomalla biaxial de polipropileno con resistencia última a la tensión de 20 kN/m | F26: SI
C27: B0014113 | D27: m2 | E27: Geomalla biaxial de polipropileno con resistencia última a la tensión de 30 kN/m
C28: B0014114 | D28: m2 | E28: Geomalla biaxial para refuerzo de pavimentos asfálticos
C29: B026010 | D29: m2 | E29: Geomalla en fibra de vidrio
C30: B0264115 | D30: m2 | E30: Geomalla uniaxial de poliester de alta tenacidad con resistencia última a la tensión de 55 kN/m aproximadamente
C31: B0264116 | D31: m2 | E31: Geomalla uniaxial de poliéster de alta tenacidad con resistencia última a la tensión de 115 kN/m aproximadamente | F31: SI
C32: B025002 | D32: m2 | E32: Geotextil no tejido de polipoprileno con resistencia a la tensión Grab de 980 N, resistencia al punzonamiento de 2,8 kN y resistencia al rasgado trapezoidal de 350 N aproximadamente.
C33: B025008 | D33: m2 | E33: Geotextil no tejido para repavimentación con resistencia a la tensión Grab mínima de 450 N | F33: SI
C34: B025005 | D34: m2 | E34: Geotextil no tejido con resistencia a la tensión Grab de 700 N aproximadamente | F34: SI
C35: B025006 | D35: m2 | E35: Geotextil no tejido con resistencia a la tensión Grab de 720 N aproximadamente
C36: B025101 | D36: m2 | E36: Geotextil tejido de alto modulo con resistencia mínima a la rotura método Grab de 1400 N (MD) y 1500 N (TD) | F36: SI
C37: B025011 | D37: m2 | E37: Geotextil tejido con resistencia a la tensión Grab mínima de 1100 N | F37: SI
C38: B025001 | D38: m2 | E38: Geotextil tejido con resistencia a la tensión Grab mínima de 1400 N | F38: SI
C39: B025100 | D39: m2 | E39: Geotextil uniaxial con resistencia ultima a la tensión aproximada de MD de 170 Kn/m y TD de 50 kN/m.
C40: B0014265 | D40: m2 | E40: Manto de refuerzo de vegetación - cesped tipo 5A, 5B y/o 5C | H40: Manto o alfombrilla para refuerzo de vegetación permanente o cesped tipo 5A, 5B, 5C, 5D o 5E
C41: B0014264 | D41: m2 | E41: Manto de refuerzo de vegetación tipo 5D | H41: Alfombrilla de refuerzo para cesped tipo 5F
C42: B0014267 | D42: m2 | E42: Manto para control de erosión (MCE) | F42: SI
C43: B0014262 | D43: m2 | E43: Manto para control de erosión tipo 2D | H43: Manto para control de erosión de doble red de corta duración tipo 2D
C44: B0014263 | D44: m2 | E44: Manto para control de erosión tipo 3B | H44: Manto para control de erosión de plazo extendido tipo 3B
C45: B0014261 | D45: M2 | E45: Manto para control de erosión tipo 4 | H45: Manto para control de erosión de largo plazo tipo 4
C46: B0014266 | D46: m2 | E46: Manto permanente para refuerzo de la vegetación (TRM) | F46: SI
C50: OTROS GEOSINTÉTICOS - REQUERIDOS EN NUEVAS ESPECIFICACIONES Y/O ARTÍCULOS DE NUEVAS TECNOLOGÍAS PARA CONSIDERAR EN APU GENERALES EXISTENTES
C51: ARTICULOS DE NT CON GEOSINTÉTICOS | E51: 685, 686, 687, 840 Y 850
C53: CODIGO | D53: UNIDAD | E53: DESCRIPCIÓN INSUMO | F53: ITEM GENERAL | G53: ART NT
C54: B0014262 | D54: m2 | E54: Manto para control de erosión tipo 2D | F54: 811 | G54: 850 | H54: EXISTE, PERO SE DEBE CAMBIAR NOMBRE
D55: m2 | E55: Manto para control de erosión de corto plazo sin red tipo 2B | F55: 811 | G55: 850 | H55: NUEVO
D56: m2 | E56: Manto para control de erosión de red simple de corta duración tipo 2C | F56: 811 | G56: 850 | H56: NUEVO
D57: m2 | E57: Manto para control de erosión sin red de degradación ultra rápida tipo 1B | F57: 811 | G57: 850 | H57: NUEVO
D58: m2 | E58: Red temporal fotodegradable para control de erosión de degradación ultra rápida tipo 1A | F58: 811 | H58: NUEVO
D59: m2 | E59: Manto para control de erosión de red simple y degradación ultra rápida tipo 1C
D60: m2 | E60: Manto para control de erosión de red dible y degradación ultra rápida tipo 1D
D61: m2 | E61: Textil de tejido abierto para control de erosión de red simple y degradación ultra rápida tipo 1C
D62: m2 | E62: Red para control de erosión de corto plazo tipo 2A
D63: m2 | E63: Textil de tejido abierto para control de erosión de red simple de corta duración tipo 2C
D64: m2 | E64: Red para control de erosión de plazo extendido tipo 3A
E65: Textil de tejido abierto para control de erosión de plazo extendido tipo 3B
E66: Textil de tejido abierto para control de erosión de largo plazo tipo 4

Sheet PRESUPUESTO
A1: INSTITUTO NACIONAL DE VIAS
A3: DIRECCIÓN TERRITORIAL GUAJIRA
A5: MEJORAMIENTO Y MANTENIMIENTO DEL TRAMO 4 VÍAS - MUNICIPIO DE URIBIA DEPARTAMENTO DE LA GUAJIRA
A7: PRESUPUESTO OFICIAL
A8: No | B8: ITEM DE PAGO | C8: ESPECIFICACIONES | E8: DESCRIPCION | F8: UNID | G8: VALOR UNITARIO | H8: CANTIDAD | I8: VALOR TOTAL
C9: ESPECIFICACIÓN GENERAL 2023-1 | D9: ESPECIFICACIÓN PARTICULAR
A11: I - PAVIMENTOS ASFALTICOS | I11: =SUM(I12:I16) -> 1138411237
C12: 330.1 | E12: BASE GRANULAR CLASE A | F12: M3 | G12: ='330,1'!M110 -> 262356.54 | H12: 40 | I12: =ROUND(H12*G12,0) -> 10494262
C13: 421.1 | E13: RIEGO DE LIGA CON EMULSIÓN ASFÁLTICA CRR-60 | F13: M2 | G13: =+'421.1'!N99 -> 2538.247 | H13: 9062 | I13: =ROUND(H13*G13,0) -> 23001594
C14: 450,2P | E14: MEZCLA DENSA EN CALIENTE TIPO MDC‐19 (Compra de mezcla) | F14: M3 | G14: =+'450.2P'!N110 -> 1433247.5 | H14: =+H15 -> 725 | I14: =ROUND(H14*G14,0) -> 1039104402
D15: 460,1P | E15: FRESADO DE PAVIMENTO ASFALTICO | F15: M3 | G15: =+'460.1P'!N110 -> 84107.626 | H15: 725 | I15: =ROUND(H15*G15,0) -> 60978029
C16: 465.1 | E16: EXCAVACIÓN PARA REPARACIÓN DE PAVIMENTO ASFÁLTICO EXISTENTE INCLUYENDO EL CORTE Y LA REMOCIÓN DE LAS CAPAS ASFÁLTICAS Y DE LAS SUBYACENTES | F16: M3 | G16: =+'465,1'!M110 -> 96658.996 | H16: 50 | I16: =ROUND(H16*G16,0) -> 4832950
A17: II- SEÑALIZACION Y SEGURIDAD | I17: =SUM(I18:I18) -> 13171955
A18: =A14+1 -> 1 | C18: 700.1 | E18: LÍNEA DE DEMARCACIÓN CON PINTURA EN FRÍO | F18: ML | G18: =+'700.1'!N110 -> 3177.0273 | H18: 4146 | I18: =ROUND(H18*G18,0) -> 13171955
A19: VALOR BASICO DE LAS OBRAS | I19: =+I17+I11 -> 1151583192
A20: VALOR IVA (19% sobre la Utilidad obra) | I20: =ROUND((+I19/(1+I28)*I27*0.19),0) -> 8415416
A21: VALOR OBRAS (INCLUYE IVA) | I21: =+I20+I19 -> 1159998608
A22: VALOR TOTAL DEL CONTRATO | I22: =+I21 -> 1159998608
F24: DESCRIPCION | I24: PORCENTAJE
F25: ADMINISTRACION | H25: A= | I25: 0.2
F26: IMPREVISTO | H26: I= | I26: 0.05
F27: UTILIDAD | H27: U= | I27: 0.05
F28: TOTAL A.I.U | H28: A.I.U.= | I28: =+SUM(I25:I27) -> 0.3

Sheet 330,1
J1: CÓDIGO | K1: FR-APU-1
B2: INSTITUTO NACIONAL DE VIAS
B3: ANÁLISIS DE PRECIOS UNITARIOS DE REFERENCIA REGIONALIZADOS | J3: VERSIÓN | K3: 2021
B5: ACTUALIZACIÓN PERIÓDICA | J5: PÁGINA
J8: FECHA
K9: (Día) | L9: (Mes) | M9: (Año)
A10: ÍTEM BASE DE APU DE REFERENCIA: | D10: ⊠ | E10: PUBLICACIÓN: | G10: =+'[1]320.6.2'!G10 -> 0
A12: ÍTEM DE PROYECTO PARTICULAR:
A13: ÍTEM DE LA PROPUESTA ECONÓMICA: | D13: □ | G13: ÍTEM NO PREVISTO: | I13: □ | J13: ÍTEM APU PARTICULAR: | L13: □
A14: UNIDAD EJECUTORA: | I14: DIRECCIÓN TERRITORIAL:
A17: CONTRATO No. | C17: FECHA:
A18: OBJETO DEL CONTRATO:
A21: CARRETERA: | I21: SECTOR:
A23: CONTRATISTA:
A25: INTERVENTOR: | J25: CONTRATO No. | L25: FECHA: | M25: ______________
A27: FECHA DE CIERRE DEL PROCESO DE SELECCIÓN DEL CONTRATO: | H27: / | I27: /
E28: (Día) | G28: (Día) | H28: (Mes) | I28: (Año)
A30: DATOS ESPECÍFICOS
A32: ÍTEM | B32: DESCRIPCIÓN | I32: GRUPO DE AJUSTE | K32: UNIDAD | M32: CANTIDAD
A33: 330.1.1 | B33: BASE GRANULAR CLASE A (Analizada para NT3, tipo de gradacion BG 38, clase A) | K33: m3
A35: I. EQUIPO
A37: CÓDIGO | B37: DESCRIPCIÓN | I37: TIPO | J37: TARIFA/HORA | K37: RENDIMIENTO | M37: Vr. UNITARIO
A38: C0010150 | B38: Carrotanque de agua(1000 Galones) | J38: =IFERROR(VLOOKUP(A38,[1]EQUIPOS!$C$6:$G$151,5,0),0) -> 122278.97 | K38: =1/30 -> 0.033333333 | M38: =J38*K38 -> 4075.9658
A39: C0010610 | B39: Motoniveladora potencia 215 HP, ancho de cuchilla 4,27 m, peso 18 ton | J39: =IFERROR(VLOOKUP(A39,[1]EQUIPOS!$C$6:$G$151,5,0),0) -> 292985.65 | K39: =1/30 -> 0.033333333 | M39: =J39*K39 -> 9766.1882
A40: C0010923 | B40: Vibrocompactador, potencia 153 HP, peso 10 ton | J40: =IFERROR(VLOOKUP(A40,[1]EQUIPOS!$C$6:$G$151,5,0),0) -> 193330.05 | K40: =1/30 -> 0.033333333 | M40: =J40*K40 -> 6444.3351
B52: HERRAMIENTA MENOR (%) | K52: 0.01 | M52: =K52*M98 -> 5.9611111
A53: SUBTOTAL $ | M53: =SUM(M38:M52) -> 20292.45
A55: II. MATERIALES
A57: CÓDIGO | B57: DESCRIPCIÓN | I57: UNIDAD | J57: CANTIDAD | K57: PRECIO UNIT. | M57: Vr. UNITARIO
A58: B0063200 | B58: Agua | I58: L | J58: 22 | K58: =VLOOKUP(A58,[1]MATERIALES!$C$6:$F$373,4,0) -> 193.37105 | M58: =J58*K58 -> 4254.1632
A59: B0014302 | B59: Material de base clase A (NT3) gradación fina BG 38 | I59: m3 | J59: 1.3 | K59: 60000 | M59: =J59*K59 -> 78000
M60: =J60*K60 -> 0
M61: =J61*K61 -> 0
M62: =J62*K62 -> 0
M63: =J63*K63 -> 0
M64: =J64*K64 -> 0
M65: =J65*K65 -> 0
M66: =J66*K66 -> 0
M67: =J67*K67 -> 0
M68: =J68*K68 -> 0
M69: =J69*K69 -> 0
M70: =J70*K70 -> 0
M71: =J71*K71 -> 0
M72: =J72*K72 -> 0
A73: SUBTOTAL $ | M73: =SUM(M58:M72) -> 82254.163
A75: III. TRANSPORTES
A77: CÓDIGO | B77: DESCRIPCIÓN | H77: UNIDAD | I77: CANTIDAD (1) | J77: DISTANCIA (2) | K77: (1) * (2) | L77: TARIFA | M77: Vr. UNITARIO
A78: T0010020 | B78: Transporte de material de base | H78: m3-km | I78: =J59 -> 1.3 | J78: 75 | K78: =I78*J78 -> 97.5 | L78: 1012 | M78: =K78*L78 -> 98670
M79: =K79*L79 -> 0
M80: =K80*L80 -> 0
M81: =K81*L81 -> 0
M82: =K82*L82 -> 0
A83: SUBTOTAL $ | M83: =SUM(M78:M82) -> 98670
A85: IV. MANO DE OBRA
A87: CÓDIGO | B87: DESCRIPCIÓN | H87: JORNAL | I87: PRESTACIONES (%) | J87: JR. TOTAL | K87: RENDIMIENTO | M87: Vr. UNITARIO
A88: A0030020 | B88: Obrero (2) | H88: =J88/I88*100 -> 77333.333 | I88: 185 | J88: =VLOOKUP(A88,'[1]MANO DE OBRA'!$C$15:$F$79,4,0) -> 143066.67 | K88: =30*8 -> 240 | M88: =J88/K88 -> 596.11111
A98: SUBTOTAL $ | M98: =SUM(M88:M97) -> 596.11111
A100: TOTAL COSTO DIRECTO $ | M100: =+M98+M83+M73+M53 -> 201812.72
A102: V. COSTOS INDIRECTOS
A104: DESCRIPCIÓN | J104: Porcentaje | K104: Valor Total
A105: ADMINISTRACION | J105: 0.2 | K105: =J105*M100 -> 40362.545
A106: IMPREVISTOS | J106: 0.05 | K106: =J106*M100 -> 10090.636
A107: UTILIDAD | J107: 0.05 | K107: =J107*M100 -> 10090.636
A108: SUBTOTAL $ | M108: =K105+K106+K107 -> 60543.817
A110: Precio Unitario Total Aproximado al Peso $ | M110: =M100+M108 -> 262356.54
D115: Firma
D116: Nombre:
D117: Representante Legal del Contratista o su Apoderado
D118: Matricula No. :
A120: OBSERVACIONES INTERVENTORÍA:
A125: APROBACIÓN POR INTERVENTORÍA
A126: Nota 1: Cuando se trate de Análisis de precios unitarios correspondientes a ítems de la propuesta económica aprobada, el Interventor aprueba el desglose de los componentes manteniendo el mismo precio unitario de cada ítem, cumpliendo con las especificaciones de construcción vigentes para el proyecto.
A128: Nota 2: Cuando se trate de Análisis de precios unitarios de ítems no previstos, el Interventor aprueba el desglose y precio unitario de cada ítem no previsto, exigiendo la aplicación de los costos correspondientes a insumos y tarifas de la propuesta económica inicial cuando estén contemplados, cumpliendo con las especificaciones de construcción vigente para el proyecto.
D134: Firma
D135: Nombre:
D136: Representante Legal del Interventor o su Apoderado
D137: Matricula No. :
A139: NOTA: Los documentos publicados periódicamente son propiedad del Instituto Nacional de Vías. Su uso con fines comerciales o de lucro a cualquier título sin previa autorización, está totalmente prohibido y constituye una infracción a la normatividad vigente.

Sheet 465,1
J1: CÓDIGO | K1: FR-APU-1
B2: INSTITUTO NACIONAL DE VIAS
B3: ANÁLISIS DE PRECIOS UNITARIOS DE REFERENCIA REGIONALIZADOS | J3: VERSIÓN | K3: 2021
B5: ACTUALIZACIÓN PERIÓDICA | J5: PÁGINA
J8: FECHA
K9: (Día) | L9: (Mes) | M9: (Año)
A10: ÍTEM BASE DE APU DE REFERENCIA: | D10: ⊠ | E10: PUBLICACIÓN: | G10: =+'[1]464.1.2'!G10 -> 0
A12: ÍTEM DE PROYECTO PARTICULAR:
A13: ÍTEM DE LA PROPUESTA ECONÓMICA: | D13: □ | G13: ÍTEM NO PREVISTO: | I13: □ | J13: ÍTEM APU PARTICULAR: | L13: □
A14: UNIDAD EJECUTORA: | I14: DIRECCIÓN TERRITORIAL:
A17: CONTRATO No. | C17: FECHA:
A18: OBJETO DEL CONTRATO:
A21: CARRETERA: | I21: SECTOR:
A23: CONTRATISTA:
A25: INTERVENTOR: | J25: CONTRATO No. | L25: FECHA: | M25: ______________
A27: FECHA DE CIERRE DEL PROCESO DE SELECCIÓN DEL CONTRATO: | H27: / | I27: /
E28: (Día) | G28: (Día) | H28: (Mes) | I28: (Año)
A30: DATOS ESPECÍFICOS
A32: ÍTEM | B32: DESCRIPCIÓN | I32: GRUPO DE AJUSTE | K32: UNIDAD | M32: CANTIDAD
A33: 465.1 | B33: EXCAVACIÓN PARA REPARACIÓN DE PAVIMENTO ASFÁLTICO EXISTENTE INCLUYENDO EL CORTE Y LA REMOCIÓN DE LAS CAPAS ASFÁLTICAS Y DE LAS SUBYACENTES | K33: m3
A35: I. EQUIPO
A37: CÓDIGO | B37: DESCRIPCIÓN | I37: TIPO | J37: TARIFA/HORA | K37: RENDIMIENTO | M37: Vr. UNITARIO
A38: C0010923 | B38: Vibrocompactador, potencia 153 HP, peso 10 ton | J38: 180000 | K38: =1/8 -> 0.125 | M38: =J38*K38 -> 22500
A39: C0010270 | B39: Compresor portátil de 70 a 120 HP, con martillo | J39: =VLOOKUP(A39,[1]EQUIPOS!$C$6:$G$137,5,0) -> 148197.36 | K39: =1/8 -> 0.125 | M39: =J39*K39 -> 18524.67
A40: C0010290 | B40: Cortadora de pavimento, profundidad de corte: 16- 19 cm. capacidad de disco: desde 12" hasta 20" de diámetro | J40: =VLOOKUP(A40,[1]EQUIPOS!$C$6:$G$137,5,0) -> 20027.045 | K40: =1/8 -> 0.125 | M40: =J40*K40 -> 2503.3806
A41: C0010750 | B41: Retrocargador, pala de 1,1 m3 de capacidad, profundidad de excavación de 4.400 mm y una altura de 5.680 mm | J41: =VLOOKUP(A41,[1]EQUIPOS!$C$6:$G$137,5,0) -> 189536.44 | K41: =1/8 -> 0.125 | M41: =J41*K41 -> 23692.055
M42: =J42*K42 -> 0
M43: =J43*K43 -> 0
M44: =J44*K44 -> 0
M45: =J45*K45 -> 0
M46: =J46*K46 -> 0
M47: =J47*K47 -> 0
M48: =J48*K48 -> 0
M49: =J49*K49 -> 0
M50: =J50*K50 -> 0
M51: =J51*K51 -> 0
B52: HERRAMIENTA MENOR (%) | K52: 0.05 | M52: =K52*M98 -> 279.42708
A53: SUBTOTAL $ | M53: =SUM(M38:M52) -> 67499.532
A55: II. MATERIALES
A57: CÓDIGO | B57: DESCRIPCIÓN | I57: UNIDAD | J57: CANTIDAD | K57: PRECIO UNIT. | M57: Vr. UNITARIO
M58: =J58*K58 -> 0
M59: =J59*K59 -> 0
M60: =J60*K60 -> 0
M61: =J61*K61 -> 0
M62: =J62*K62 -> 0
M63: =J63*K63 -> 0
M64: =J64*K64 -> 0
M65: =J65*K65 -> 0
M66: =J66*K66 -> 0
M67: =J67*K67 -> 0
M68: =J68*K68 -> 0
M69: =J69*K69 -> 0
... M72: =J72*K72 -> 0
A73: SUBTOTAL $ | M73: =SUM(M58:M72) -> 0
A75: III. TRANSPORTES
A77: CÓDIGO | B77: DESCRIPCIÓN | H77: UNIDAD | I77: CANTIDAD (1) | J77: DISTANCIA (2) | K77: (1) * (2) | L77: TARIFA | M77: Vr. UNITARIO
A78: T0010025 | B78: Transporte de material de excavación | H78: m3-km | I78: 1.25 | J78: 1 | K78: =I78*J78 -> 1.25 | L78: 1012 | M78: =K78*L78 -> 1265
M79: =K79*L79 -> 0
M80: =K80*L80 -> 0
M81: =K81*L81 -> 0
M82: =K82*L82 -> 0
A83: SUBTOTAL $ | M83: =SUM(M78:M82) -> 1265
A85: IV. MANO DE OBRA
A87: CÓDIGO | B87: DESCRIPCIÓN | H87: JORNAL | I87: PRESTACIONES (%) | J87: JR. TOTAL | K87: RENDIMIENTO | M87: Vr. UNITARIO
A88: A0030050 | B88: Obrero (5) | H88: =J88/I88*100 -> 193333.33 | I88: 185 | J88: =VLOOKUP(A88,'[1]MANO DE OBRA'!$C$15:$F$79,4,0) -> 357666.67 | K88: 64 | M88: =J88/K88 -> 5588.5417
A98: SUBTOTAL $ | M98: =SUM(M88:M97) -> 5588.5417
A100: TOTAL COSTO DIRECTO $ | M100: =M53+M73+M83+M98 -> 74353.074
A102: V. COSTOS INDIRECTOS
A104: DESCRIPCIÓN | J104: Porcentaje | K104: Valor Total
A105: ADMINISTRACION | J105: 0.2 | K105: =J105*M100 -> 14870.615
A106: IMPREVISTOS | J106: 0.05 | K106: =J106*M100 -> 3717.6537
A107: UTILIDAD | J107: 0.05 | K107: =J107*M100 -> 3717.6537
A108: SUBTOTAL $ | M108: =K105+K106+K107 -> 22305.922
A110: Precio Unitario Total Aproximado al Peso $ | M110: =M100+M108 -> 96658.996
D115: Firma
D116: Nombre:
D117: Representante Legal del Contratista o su Apoderado
D118: Matricula No. :
A120: OBSERVACIONES INTERVENTORÍA:
A125: APROBACIÓN POR INTERVENTORÍA
A126: Nota 1: Cuando se trate de Análisis de precios unitarios correspondientes a ítems de la propuesta económica aprobada, el Interventor aprueba el desglose de los componentes manteniendo el mismo precio unitario de cada ítem, cumpliendo con las especificaciones de construcción vigentes para el proyecto.
A128: Nota 2: Cuando se trate de Análisis de precios unitarios de ítems no previstos, el Interventor aprueba el desglose y precio unitario de cada ítem no previsto, exigiendo la aplicación de los costos correspondientes a insumos y tarifas de la propuesta económica inicial cuando estén contemplados, cumpliendo con las especificaciones de construcción vigente para el proyecto.
D134: Firma
D135: Nombre:
D136: Representante Legal del Interventor o su Apoderado
D137: Matricula No. :
A139: NOTA: Los documentos publicados periódicamente son propiedad del Instituto Nacional de Vías. Su uso con fines comerciales o de lucro a cualquier título sin previa autorización, está totalmente prohibido y constituye una infracción a la normatividad vigente.

Sheet 421.1
K1: CÓDIGO | L1: FR-APU-1
C2: INSTITUTO NACIONAL DE VIAS
C3: ANÁLISIS DE PRECIOS UNITARIOS DE REFERENCIA REGIONALIZADOS | K3: VERSIÓN | L3: 2021
C5: ACTUALIZACIÓN PERIÓDICA | K5: PÁGINA
K8: FECHA
L9: (Día) | M9: (Mes) | N9: (Año)
B10: ÍTEM BASE DE APU DE REFERENCIA: | E10: ⊠ | F10: PUBLICACIÓN: | H10: =+#REF! -> #REF!
B12: ÍTEM DE PROYECTO PARTICULAR:
B13: ÍTEM DE LA PROPUESTA ECONÓMICA: | E13: □ | H13: ÍTEM NO PREVISTO: | J13: □ | K13: ÍTEM APU PARTICULAR: | M13: □
B14: UNIDAD EJECUTORA: | J14: DIRECCIÓN TERRITORIAL:
B17: CONTRATO No. | D17: FECHA:
B18: OBJETO DEL CONTRATO:
B21: CARRETERA: | J21: SECTOR:
B23: CONTRATISTA:
B25: INTERVENTOR: | K25: CONTRATO No. | M25: FECHA: | N25: ______________
B27: FECHA DE CIERRE DEL PROCESO DE SELECCIÓN DEL CONTRATO: | I27: / | J27: /
F28: (Día) | H28: (Día) | I28: (Mes) | J28: (Año)
B30: DATOS ESPECÍFICOS
B32: ÍTEM | C32: DESCRIPCIÓN | J32: GRUPO DE AJUSTE | L32: UNIDAD | N32: CANTIDAD
B33: 421.1 | C33: RIEGO DE LIGA CON EMULSIÓN ASFÁLTICA CRR-60 | L33: m2
B35: I. EQUIPO
B37: CÓDIGO | C37: DESCRIPCIÓN | J37: TIPO | K37: TARIFA/HORA | L37: RENDIMIENTO | N37: Vr. UNITARIO
B38: C0010160 | C38: Carrotanque irrigador de asfalto, 1000 galones de capacidad | K38: =IFERROR(VLOOKUP(B38,EQUIPOS!$C$6:$G$151,5,0),0) -> 149137.65 | L38: =1/500 -> 0.002 | N38: =K38*L38 -> 298.27531
B39: C0010250 | C39: Compresor (barrido y soplado) | K39: =VLOOKUP(B39,EQUIPOS!$C$6:$G$137,5,0) -> 115014.25 | L39: =1/500 -> 0.002 | N39: =K39*L39 -> 230.02849
N40: =K40*L40 -> 0
C41: HERRAMIENTA MENOR (%) | L41: 0.05 | N41: =L41*N87 -> 3.5766667
B42: SUBTOTAL $ | N42: =SUM(N38:N41) -> 531.88047
B44: II. MATERIALES
B46: CÓDIGO | C46: DESCRIPCIÓN | J46: UNIDAD | K46: CANTIDAD | L46: PRECIO UNIT. | N46: Vr. UNITARIO
B47: B020007 | C47: Emulsión asfáltica CRR-60 (CRR-1) | J47: L | K47: 0.5867 | L47: =VLOOKUP(B47,MATERIALES!$C$6:$F$373,4,0) -> 2299.4442 | N47: =K47*L47 -> 1349.0839
N48: =K48*L48 -> 0
N49: =K49*L49 -> 0
N50: =K50*L50 -> 0
N51: =K51*L51 -> 0
N52: =K52*L52 -> 0
N53: =K53*L53 -> 0
N54: =K54*L54 -> 0
N55: =K55*L55 -> 0
N56: =K56*L56 -> 0
N57: =K57*L57 -> 0
N58: =K58*L58 -> 0
N59: =K59*L59 -> 0
... N61: =K61*L61 -> 0
B62: SUBTOTAL $ | N62: =SUM(N47:N61) -> 1349.0839
B64: III. TRANSPORTES
B66: CÓDIGO | C66: DESCRIPCIÓN | I66: UNIDAD | J66: CANTIDAD (1) | K66: DISTANCIA (2) | L66: (1) * (2) | M66: TARIFA | N66: Vr. UNITARIO
N67: =L67*M67 -> 0
N68: =L68*M68 -> 0
N69: =L69*M69 -> 0
N70: =L70*M70 -> 0
N71: =L71*M71 -> 0
B72: SUBTOTAL $ | N72: =SUM(N67:N71) -> 0
B74: IV. MANO DE OBRA
B76: CÓDIGO | C76: DESCRIPCIÓN | I76: JORNAL | J76: PRESTACIONES (%) | K76: JR. TOTAL | L76: RENDIMIENTO | N76: Vr. UNITARIO
B77: A0030040 | C77: Obrero (4) | I77: =K77/J77*100 -> 154666.67 | J77: 185 | K77: =VLOOKUP(B77,'MANO DE OBRA'!$C$15:$F$79,4,0) -> 286133.33 | L77: 4000 | N77: =K77/L77 -> 71.533333
B87: SUBTOTAL $ | N87: =SUM(N77:N86) -> 71.533333
B89: TOTAL COSTO DIRECTO $ | N89: =N42+N62+N72+N87 -> 1952.4977
B91: V. COSTOS INDIRECTOS
B93: DESCRIPCIÓN | K93: Porcentaje | L93: Valor Total
B94: ADMINISTRACION | K94: 0.2 | L94: =K94*N89 -> 390.49954
B95: IMPREVISTOS | K95: 0.05 | L95: =K95*N89 -> 97.624884
B96: UTILIDAD | K96: 0.05 | L96: =K96*N89 -> 97.624884
B97: SUBTOTAL $ | N97: =L94+L95+L96 -> 585.74931
B99: Precio Unitario Total Aproximado al Peso $ | N99: =N89+N97 -> 2538.247
E104: Firma
E105: Nombre:
E106: Representante Legal del Contratista o su Apoderado
E107: Matricula No. :
B109: OBSERVACIONES INTERVENTORÍA:
B114: APROBACIÓN POR INTERVENTORÍA
B115: Nota 1: Cuando se trate de Análisis de precios unitarios correspondientes a ítems de la propuesta económica aprobada, el Interventor aprueba el desglose de los componentes manteniendo el mismo precio unitario de cada ítem, cumpliendo con las especificaciones de construcción vigentes para el proyecto.
B117: Nota 2: Cuando se trate de Análisis de precios unitarios de ítems no previstos, el Interventor aprueba el desglose y precio unitario de cada ítem no previsto, exigiendo la aplicación de los costos correspondientes a insumos y tarifas de la propuesta económica inicial cuando estén contemplados, cumpliendo con las especificaciones de construcción vigente para el proyecto.
E123: Firma
E124: Nombre:
E125: Representante Legal del Interventor o su Apoderado
E126: Matricula No. :
B128: NOTA: Los documentos publicados periódicamente son propiedad del Instituto Nacional de Vías. Su uso con fines comerciales o de lucro a cualquier título sin previa autorización, está totalmente prohibido y constituye una infracción a la normatividad vigente.

Sheet 450.2P
K1: CÓDIGO | L1: FR-APU-1
C2: INSTITUTO NACIONAL DE VIAS
C3: ANÁLISIS DE PRECIOS UNITARIOS DE REFERENCIA REGIONALIZADOS | K3: VERSIÓN | L3: 2021
C5: ACTUALIZACIÓN PERIÓDICA | K5: PÁGINA
K8: FECHA
L9: (Día) | M9: (Mes) | N9: (Año)
B10: ÍTEM BASE DE APU DE REFERENCIA: | E10: ⊠ | F10: PUBLICACIÓN: | H10: =+#REF! -> #REF!
B12: ÍTEM DE PROYECTO PARTICULAR:
B13: ÍTEM DE LA PROPUESTA ECONÓMICA: | E13: □ | H13: ÍTEM NO PREVISTO: | J13: □ | K13: ÍTEM APU PARTICULAR: | M13: □
B14: UNIDAD EJECUTORA: | J14: DIRECCIÓN TERRITORIAL:
B17: CONTRATO No. | D17: FECHA:
B18: OBJETO DEL CONTRATO:
N19: =1/L38 -> 15
B21: CARRETERA: | J21: SECTOR:
B23: CONTRATISTA:
B25: INTERVENTOR: | K25: CONTRATO No. | M25: FECHA: | N25: ______________
B27: FECHA DE CIERRE DEL PROCESO DE SELECCIÓN DEL CONTRATO: | I27: / | J27: /
F28: (Día) | H28: (Día) | I28: (Mes) | J28: (Año)
B30: DATOS ESPECÍFICOS
B32: ÍTEM | C32: DESCRIPCIÓN | J32: GRUPO DE AJUSTE | L32: UNIDAD | N32: CANTIDAD | P32: NOTA ACLARATORIA: El APU particular se publica para conocimiento de los interesados, del valor total de la colocación de la mezcla asfáltica incluyendo el cemento, dado que el ítem 450.2 tal y como indica la Especificación General de Construcción; no permite considerar el valor del cemento asfáltico en la mezcla.
B33: 450.2P | C33: MEZCLA DENSA EN CALIENTE TIPO MDC‐19 (Compra de mezcla) | L33: m3
B35: I. EQUIPO
B37: CÓDIGO | C37: DESCRIPCIÓN | J37: TIPO | K37: TARIFA/HORA | L37: RENDIMIENTO | N37: Vr. UNITARIO
B38: C0010230 | C38: Compactador neumático de Potencia 70 HP, peso de 13 ton | K38: 180000 | L38: =1/15 -> 0.066666667 | N38: =K38*L38 -> 12000
B39: C0010211 | C39: Compactador de rodillo potencia: 99 hp, peso: 8 toneladas | K39: 180000 | L39: =1/15 -> 0.066666667 | N39: =K39*L39 -> 12000
C40: Terminadora de asfalto (Finisher), potencia en el volante 174 HP, R=20M3/H, velocidad de desplazamiento 114 m/min | K40: 250000 | L40: =1/15 -> 0.066666667 | N40: =K40*L40 -> 16666.667
N41: =K41*L41 -> 0
N42: =K42*L42 -> 0
N43: =K43*L43 -> 0
N44: =K44*L44 -> 0
N45: =K45*L45 -> 0
N46: =K46*L46 -> 0
N47: =K47*L47 -> 0
N48: =K48*L48 -> 0
N49: =K49*L49 -> 0
N50: =K50*L50 -> 0
N51: =K51*L51 -> 0
C52: HERRAMIENTA MENOR (%) | L52: 0.1 | N52: =L52*N98 -> 974.44296
B53: SUBTOTAL $ | N53: =SUM(N38:N52) -> 41641.11
B55: II. MATERIALES
B57: CÓDIGO | C57: DESCRIPCIÓN | J57: UNIDAD | K57: CANTIDAD | L57: PRECIO UNIT. | N57: Vr. UNITARIO
B58: B0014502 | C58: Mezcla densa en caliente MDC-19 (INCLUIDO IVA 19%) | J58: m3 | K58: 1.25 | L58: 750890 | N58: =K58*L58 -> 938612.5
N59: =K59*L59 -> 0
N60: =K60*L60 -> 0
N61: =K61*L61 -> 0
N62: =K62*L62 -> 0
N63: =K63*L63 -> 0
N64: =K64*L64 -> 0
N65: =K65*L65 -> 0
N66: =K66*L66 -> 0
N67: =K67*L67 -> 0
N68: =K68*L68 -> 0
N69: =K69*L69 -> 0
N70: =K70*L70 -> 0
... N72: =K72*L72 -> 0
B73: SUBTOTAL $ | N73: =SUM(N58:N72) -> 938612.5
B75: III. TRANSPORTES
B77: CÓDIGO | C77: DESCRIPCIÓN | I77: UNIDAD | J77: CANTIDAD (1) | K77: DISTANCIA (2) | L77: (1) * (2) | M77: TARIFA | N77: Vr. UNITARIO
B78: T0010065 | C78: Transporte de mezcla en caliente | I78: m3-km | J78: 1.25 | K78: 75 | L78: =J78*K78 -> 93.75 | M78: 1200 | N78: =L78*M78 -> 112500
N79: =L79*M79 -> 0
N80: =L80*M80 -> 0
N81: =L81*M81 -> 0
N82: =L82*M82 -> 0
B83: SUBTOTAL $ | N83: =SUM(N78:N82) -> 112500
B85: IV. MANO DE OBRA
B87: CÓDIGO | C87: DESCRIPCIÓN | I87: JORNAL | J87: PRESTACIONES (%) | K87: JR. TOTAL | L87: RENDIMIENTO | N87: Vr. UNITARIO
B88: A0030080 | C88: Obrero (8) | I88: =K88/J88*100 -> 309333.33 | J88: 185 | K88: =VLOOKUP(B88,'MANO DE OBRA'!$C$15:$F$79,4,0) -> 572266.67 | L88: 90 | N88: =K88/L88 -> 6358.5185
B89: A0040010 | C89: Oficial | I89: =K89/J89*100 -> 65733.333 | J89: 185 | K89: =VLOOKUP(B89,'MANO DE OBRA'!$C$15:$F$79,4,0) -> 121606.67 | L89: 90 | N89: =K89/L89 -> 1351.1852
B90: A0070020 | C90: Rastrilleros (2) | I90: =K90/J90*100 -> 98986.667 | J90: 185 | K90: =VLOOKUP(B90,'MANO DE OBRA'!$C$15:$F$79,4,0) -> 183125.33 | L90: 90 | N90: =K90/L90 -> 2034.7259
B98: SUBTOTAL $ | N98: =SUM(N88:N97) -> 9744.4296
B100: TOTAL COSTO DIRECTO $ | N100: =+N98+N83+N73+N53 -> 1102498
B102: V. COSTOS INDIRECTOS
B104: DESCRIPCIÓN | K104: Porcentaje | L104: Valor Total
B105: ADMINISTRACION | K105: 0.2 | L105: =K105*N100 -> 220499.61
B106: IMPREVISTOS | K106: 0.05 | L106: =K106*N100 -> 55124.902
B107: UTILIDAD | K107: 0.05 | L107: =K107*N100 -> 55124.902
B108: SUBTOTAL $ | N108: =L105+L106+L107 -> 330749.41
B110: Precio Unitario Total Aproximado al Peso $ | N110: =N100+N108 -> 1433247.5
E115: Firma
E116: Nombre:
E117: Representante Legal del Contratista o su Apoderado
E118: Matricula No. :
B120: OBSERVACIONES INTERVENTORÍA:
B125: APROBACIÓN POR INTERVENTORÍA
B126: Nota 1: Cuando se trate de Análisis de precios unitarios correspondientes a ítems de la propuesta económica aprobada, el Interventor aprueba el desglose de los componentes manteniendo el mismo precio unitario de cada ítem, cumpliendo con las especificaciones de construcción vigentes para el proyecto.
B128: Nota 2: Cuando se trate de Análisis de precios unitarios de ítems no previstos, el Interventor aprueba el desglose y precio unitario de cada ítem no previsto, exigiendo la aplicación de los costos correspondientes a insumos y tarifas de la propuesta económica inicial cuando estén contemplados, cumpliendo con las especificaciones de construcción vigente para el proyecto.
E134: Firma
E135: Nombre:
E136: Representante Legal del Interventor o su Apoderado
E137: Matricula No. :
B139: NOTA: Los documentos publicados periódicamente son propiedad del Instituto Nacional de Vías. Su uso con fines comerciales o de lucro a cualquier título sin previa autorización, está totalmente prohibido y constituye una infracción a la normatividad vigente.

Sheet 460.1P
K1: CÓDIGO | L1: FR-APU-1
C2: INSTITUTO NACIONAL DE VIAS
C3: ANÁLISIS DE PRECIOS UNITARIOS DE REFERENCIA REGIONALIZADOS | K3: VERSIÓN | L3: 2021
C5: ACTUALIZACIÓN PERIÓDICA | K5: PÁGINA
K8: FECHA
L9: (Día) | M9: (Mes) | N9: (Año)
B10: ÍTEM BASE DE APU DE REFERENCIA: | E10: ⊠ | F10: PUBLICACIÓN: | H10: 2023 - 1 JUNIO 2023
B12: ÍTEM DE PROYECTO PARTICULAR:
B13: ÍTEM DE LA PROPUESTA ECONÓMICA: | E13: □ | H13: ÍTEM NO PREVISTO: | J13: □ | K13: ÍTEM APU PARTICULAR: | M13: □
B14: UNIDAD EJECUTORA: | J14: DIRECCIÓN TERRITORIAL:
B17: CONTRATO No. | D17: FECHA:
B18: OBJETO DEL CONTRATO:
B21: CARRETERA: | J21: SECTOR:
B23: CONTRATISTA:
B25: INTERVENTOR: | K25: CONTRATO No. | M25: FECHA: | N25: ______________
B27: FECHA DE CIERRE DEL PROCESO DE SELECCIÓN DEL CONTRATO: | I27: / | J27: /
F28: (Día) | H28: (Día) | I28: (Mes) | J28: (Año)
B30: DATOS ESPECÍFICOS
B32: ÍTEM | C32: DESCRIPCIÓN | J32: GRUPO DE AJUSTE | L32: UNIDAD | N32: CANTIDAD
B33: 460.1P | C33: FRESADO DE PAVIMENTO ASFÁLTICO | L33: M3
B35: I. EQUIPO
B37: CÓDIGO | C37: DESCRIPCIÓN | J37: TIPO | K37: TARIFA/HORA | L37: RENDIMIENTO | N37: Vr. UNITARIO
B38: C0010020 | C38: Barredora de succión, almacenamiento aproximado 6 m3 | K38: 148089.3 | L38: 20 | N38: =K38/L38 -> 7404.4652
B39: C0010462 | C39: Fresadora de pavimento, ancho de trabajo 2 m, potencia aproximada 580 HP, profundidad de corte 30 cm | K39: 622672.42 | L39: 20 | N39: =K39/L39 -> 31133.621
B40: C0010130 | C40: Cargador: potencia en el volante 110 hp, clasificación de rpm del motoro 2300 | K40: 240624.4 | L40: 20 | N40: =K40/L40 -> 12031.22
N41: =K41*L41 -> 0
N42: =K42*L42 -> 0
N43: =K43*L43 -> 0
N44: =K44*L44 -> 0
N45: =K45*L45 -> 0
N46: =K46*L46 -> 0
N47: =K47*L47 -> 0
N48: =K48*L48 -> 0
N49: =K49*L49 -> 0
N50: =K50*L50 -> 0
N51: =K51*L51 -> 0
C52: HERRAMIENTA MENOR (%) | L52: 0.05 | N52: =L52*N98 -> 119.22222
B53: SUBTOTAL $ | N53: =SUM(N38:N52) -> 50688.528
B55: II. MATERIALES
B57: CÓDIGO | C57: DESCRIPCIÓN | J57: UNIDAD | K57: CANTIDAD | L57: PRECIO UNIT. | N57: Vr. UNITARIO
N58: =K58*L58 -> 0
N59: =K59*L59 -> 0
N60: =K60*L60 -> 0
N61: =K61*L61 -> 0
N62: =K62*L62 -> 0
N63: =K63*L63 -> 0
N64: =K64*L64 -> 0
N65: =K65*L65 -> 0
N66: =K66*L66 -> 0
N67: =K67*L67 -> 0
N68: =K68*L68 -> 0
N69: =K69*L69 -> 0
... N72: =K72*L72 -> 0
B73: SUBTOTAL $ | N73: =SUM(N58:N72) -> 0
B75: III. TRANSPORTES
B77: CÓDIGO | C77: DESCRIPCIÓN | I77: UNIDAD | J77: CANTIDAD (1) | K77: DISTANCIA (2) | L77: (1) * (2) | M77: TARIFA | N77: Vr. UNITARIO
B78: T0010006 | C78: Transporte de material fresado | I78: m3-km | J78: 1.3 | K78: 10 | L78: =J78*K78 -> 13 | M78: 894.24621 | N78: =L78*M78 -> 11625.201
N79: =L79*M79 -> 0
N80: =L80*M80 -> 0
N81: =L81*M81 -> 0
N82: =L82*M82 -> 0
B83: SUBTOTAL $ | N83: =SUM(N78:N82) -> 11625.201
B85: IV. MANO DE OBRA
B87: CÓDIGO | C87: DESCRIPCIÓN | I87: JORNAL | J87: PRESTACIONES (%) | K87: JR. TOTAL | L87: RENDIMIENTO | N87: Vr. UNITARIO
B88: A0030040 | C88: Obrero (4) | I88: =K88/J88*100 -> 154666.67 | J88: 185 | K88: 286133.33 | L88: 120 | N88: =K88/L88 -> 2384.4444
B98: SUBTOTAL $ | N98: =SUM(N88:N97) -> 2384.4444
B100: TOTAL COSTO DIRECTO $ | N100: =N53+N73+N83+N98 -> 64698.174
B102: V. COSTOS INDIRECTOS
B104: DESCRIPCIÓN | K104: Porcentaje | L104: Valor Total
B105: ADMINISTRACION | K105: 0.2 | L105: =K105*N100 -> 12939.635
B106: IMPREVISTOS | K106: 0.05 | L106: =K106*N100 -> 3234.9087
B107: UTILIDAD | K107: 0.05 | L107: =K107*N100 -> 3234.9087
B108: SUBTOTAL $ | N108: =L105+L106+L107 -> 19409.452
B110: Precio Unitario Total Aproximado al Peso $ | N110: =N100+N108 -> 84107.626
E115: Firma
E116: Nombre:
E117: Representante Legal del Contratista o su Apoderado
E118: Matricula No. :
B120: OBSERVACIONES INTERVENTORÍA:
B125: APROBACIÓN POR INTERVENTORÍA
B126: Nota 1: Cuando se trate de Análisis de precios unitarios correspondientes a ítems de la propuesta económica aprobada, el Interventor aprueba el desglose de los componentes manteniendo el mismo precio unitario de cada ítem, cumpliendo con las especificaciones de construcción vigentes para el proyecto.
B128: Nota 2: Cuando se trate de Análisis de precios unitarios de ítems no previstos, el Interventor aprueba el desglose y precio unitario de cada ítem no previsto, exigiendo la aplicación de los costos correspondientes a insumos y tarifas de la propuesta económica inicial cuando estén contemplados, cumpliendo con las especificaciones de construcción vigente para el proyecto.
E134: Firma
E135: Nombre:
E136: Representante Legal del Interventor o su Apoderado
E137: Matricula No. :
B139: NOTA: Los documentos publicados periódicamente son propiedad del Instituto Nacional de Vías. Su uso con fines comerciales o de lucro a cualquier título sin previa autorización, está totalmente prohibido y constituye una infracción a la normatividad vigente.

Sheet 620.3
K1: CÓDIGO | L1: FR-APU-1
C2: INSTITUTO NACIONAL DE VIAS
C3: ANÁLISIS DE PRECIOS UNITARIOS DE REFERENCIA REGIONALIZADOS | K3: VERSIÓN | L3: 2021
C5: ACTUALIZACIÓN PERIÓDICA | K5: PÁGINA
K8: FECHA
L9: (Día) | M9: (Mes) | N9: (Año)
B10: ÍTEM BASE DE APU DE REFERENCIA: | E10: ⊠ | F10: PUBLICACIÓN: | H10: =+#REF! -> #REF!
B12: ÍTEM DE PROYECTO PARTICULAR:
B13: ÍTEM DE LA PROPUESTA ECONÓMICA: | E13: □ | H13: ÍTEM NO PREVISTO: | J13: □ | K13: ÍTEM APU PARTICULAR: | M13: □
B14: UNIDAD EJECUTORA: | J14: DIRECCIÓN TERRITORIAL:
B17: CONTRATO No. | D17: FECHA:
B18: OBJETO DEL CONTRATO:
B21: CARRETERA: | J21: SECTOR:
B23: CONTRATISTA:
B25: INTERVENTOR: | K25: CONTRATO No. | M25: FECHA: | N25: ______________
B27: FECHA DE CIERRE DEL PROCESO DE SELECCIÓN DEL CONTRATO: | I27: / | J27: /
F28: (Día) | H28: (Día) | I28: (Mes) | J28: (Año)
B30: DATOS ESPECÍFICOS
B32: ÍTEM | J32: GRUPO DE AJUSTE | L32: UNIDAD | N32: CANTIDAD
B33: 620.3 | C33: PRUEBA DE CARGA TIPO ______ | L33: u
B35: I. EQUIPO
B37: CÓDIGO | C37: DESCRIPCIÓN | J37: TIPO | K37: TARIFA/HORA | L37: RENDIMIENTO | N37: Vr. UNITARIO
C52: HERRAMIENTA MENOR (%) | L52: 0.05
B53: SUBTOTAL $ | N53: =SUM(N38:N52) -> 0
B55: II. MATERIALES
B57: CÓDIGO | C57: DESCRIPCIÓN | J57: UNIDAD | K57: CANTIDAD | L57: PRECIO UNIT. | N57: Vr. UNITARIO
B73: SUBTOTAL $ | N73: =SUM(N58:N72) -> 0
B75: III. TRANSPORTES
B77: CÓDIGO | C77: DESCRIPCIÓN | I77: UNIDAD | J77: CANTIDAD (1) | K77: DISTANCIA (2) | L77: (1) * (2) | M77: TARIFA | N77: Vr. UNITARIO
B83: SUBTOTAL $ | N83: =SUM(N78:N82) -> 0
B85: IV. MANO DE OBRA
B87: CÓDIGO | C87: DESCRIPCIÓN | I87: JORNAL | J87: PRESTACIONES (%) | K87: JR. TOTAL | L87: RENDIMIENTO | N87: Vr. UNITARIO
B98: SUBTOTAL $ | N98: =SUM(N88:N97) -> 0
B100: TOTAL COSTO DIRECTO $ | N100: =N53+N73+N83+N98 -> 0
B102: V. COSTOS INDIRECTOS
B104: DESCRIPCIÓN | K104: Porcentaje | L104: Valor Total
B105: ADMINISTRACION | K105: 0.2 | L105: =K105*N100 -> 0
B106: IMPREVISTOS | K106: 0.05 | L106: =K106*N100 -> 0
B107: UTILIDAD | K107: 0.05 | L107: =K107*N100 -> 0
B108: SUBTOTAL $ | N108: =L105+L106+L107 -> 0
B110: Precio Unitario Total Aproximado al Peso $ | N110: =N100+N108 -> 0
E115: Firma
E116: Nombre:
E117: Representante Legal del Contratista o su Apoderado
E118: Matricula No. :
B120: OBSERVACIONES INTERVENTORÍA:
B125: APROBACIÓN POR INTERVENTORÍA
B126: Nota 1: Cuando se trate de Análisis de precios unitarios correspondientes a ítems de la propuesta económica aprobada, el Interventor aprueba el desglose de los componentes manteniendo el mismo precio unitario de cada ítem, cumpliendo con las especificaciones de construcción vigentes para el proyecto.
B128: Nota 2: Cuando se trate de Análisis de precios unitarios de ítems no previstos, el Interventor aprueba el desglose y precio unitario de cada ítem no previsto, exigiendo la aplicación de los costos correspondientes a insumos y tarifas de la propuesta económica inicial cuando estén contemplados, cumpliendo con las especificaciones de construcción vigente para el proyecto.
E134: Firma
E135: Nombre:
E136: Representante Legal del Interventor o su Apoderado
E137: Matricula No. :
B139: NOTA: Los documentos publicados periódicamente son propiedad del Instituto Nacional de Vías. Su uso con fines comerciales o de lucro a cualquier título sin previa autorización, está totalmente prohibido y constituye una infracción a la normatividad vigente.

Sheet 621.3
K1: CÓDIGO | L1: FR-APU-1
C2: INSTITUTO NACIONAL DE VIAS
C3: ANÁLISIS DE PRECIOS UNITARIOS DE REFERENCIA REGIONALIZADOS | K3: VERSIÓN | L3: 2021
C5: ACTUALIZACIÓN PERIÓDICA | K5: PÁGINA
K8: FECHA
L9: (Día) | M9: (Mes) | N9: (Año)
B10: ÍTEM BASE DE APU DE REFERENCIA: | E10: ⊠ | F10: PUBLICACIÓN: | H10: =+#REF! -> #REF!
B12: ÍTEM DE PROYECTO PARTICULAR:
B13: ÍTEM DE LA PROPUESTA ECONÓMICA: | E13: □ | H13: ÍTEM NO PREVISTO: | J13: □ | K13: ÍTEM APU PARTICULAR: | M13: □
B14: UNIDAD EJECUTORA: | J14: DIRECCIÓN TERRITORIAL:
B17: CONTRATO No. | D17: FECHA:
B18: OBJETO DEL CONTRATO:
B21: CARRETERA: | J21: SECTOR:
B23: CONTRATISTA:
B25: INTERVENTOR: | K25: CONTRATO No. | M25: FECHA: | N25: ______________
B27: FECHA DE CIERRE DEL PROCESO DE SELECCIÓN DEL CONTRATO: | I27: / | J27: /
F28: (Día) | H28: (Día) | I28: (Mes) | J28: (Año)
B30: DATOS ESPECÍFICOS
B32: ÍTEM | C32: DESCRIPCIÓN | J32: GRUPO DE AJUSTE | L32: UNIDAD | N32: CANTIDAD
B33: 621.3 | C33: PERFORACION DE PRUEBA PARA PILOTE, DE DIÁMETRO _______ | L33: m
B35: I. EQUIPO
B37: CÓDIGO | C37: DESCRIPCIÓN | J37: TIPO | K37: TARIFA/HORA | L37: RENDIMIENTO | N37: Vr. UNITARIO
N44: =K44*L44 -> 0
N45: =K45*L45 -> 0
N46: =K46*L46 -> 0
N47: =K47*L47 -> 0
N48: =K48*L48 -> 0
N49: =K49*L49 -> 0
N50: =K50*L50 -> 0
N51: =K51*L51 -> 0
C52: HERRAMIENTA MENOR (%) | L52: 0.1
B53: SUBTOTAL $ | N53: =SUM(N38:N52) -> 0
B55: II. MATERIALES
B57: CÓDIGO | C57: DESCRIPCIÓN | J57: UNIDAD | K57: CANTIDAD | L57: PRECIO UNIT. | N57: Vr. UNITARIO
B73: SUBTOTAL $ | N73: =SUM(N58:N72) -> 0
B75: III. TRANSPORTES
B77: CÓDIGO | C77: DESCRIPCIÓN | I77: UNIDAD | J77: CANTIDAD (1) | K77: DISTANCIA (2) | L77: (1) * (2) | M77: TARIFA | N77: Vr. UNITARIO
N78: =L78*M78 -> 0
N79: =L79*M79 -> 0
N80: =L80*M80 -> 0
N81: =L81*M81 -> 0
N82: =L82*M82 -> 0
B83: SUBTOTAL $ | N83: =SUM(N78:N82) -> 0
B85: IV. MANO DE OBRA
B87: CÓDIGO | C87: DESCRIPCIÓN | I87: JORNAL | J87: PRESTACIONES (%) | K87: JR. TOTAL | L87: RENDIMIENTO | N87: Vr. UNITARIO
B98: SUBTOTAL $ | N98: =SUM(N88:N97) -> 0
B100: TOTAL COSTO DIRECTO $ | N100: =N53+N73+N83+N98 -> 0
B102: V. COSTOS INDIRECTOS
B104: DESCRIPCIÓN | K104: Porcentaje | L104: Valor Total
B105: ADMINISTRACION | K105: 0.2 | L105: =K105*N100 -> 0
B106: IMPREVISTOS | K106: 0.05 | L106: =K106*N100 -> 0
B107: UTILIDAD | K107: 0.05 | L107: =K107*N100 -> 0
B108: SUBTOTAL $ | N108: =L105+L106+L107 -> 0
B110: Precio Unitario Total Aproximado al Peso $ | N110: =N100+N108 -> 0
E115: Firma
E116: Nombre:
E117: Representante Legal del Contratista o su Apoderado
E118: Matricula No. :
B120: OBSERVACIONES INTERVENTORÍA:
B125: APROBACIÓN POR INTERVENTORÍA
B126: Nota 1: Cuando se trate de Análisis de precios unitarios correspondientes a ítems de la propuesta económica aprobada, el Interventor aprueba el desglose de los componentes manteniendo el mismo precio unitario de cada ítem, cumpliendo con las especificaciones de construcción vigentes para el proyecto.
B128: Nota 2: Cuando se trate de Análisis de precios unitarios de ítems no previstos, el Interventor aprueba el desglose y precio unitario de cada ítem no previsto, exigiendo la aplicación de los costos correspondientes a insumos y tarifas de la propuesta económica inicial cuando estén contemplados, cumpliendo con las especificaciones de construcción vigente para el proyecto.
E134: Firma
E135: Nombre:
E136: Representante Legal del Interventor o su Apoderado
E137: Matricula No. :
B139: NOTA: Los documentos publicados periódicamente son propiedad del Instituto Nacional de Vías. Su uso con fines comerciales o de lucro a cualquier título sin previa autorización, está totalmente prohibido y constituye una infracción a la normatividad vigente.

Sheet 621.4
K1: CÓDIGO | L1: FR-APU-1
C2: INSTITUTO NACIONAL DE VIAS
C3: ANÁLISIS DE PRECIOS UNITARIOS DE REFERENCIA REGIONALIZADOS | K3: VERSIÓN | L3: 2021
C5: ACTUALIZACIÓN PERIÓDICA | K5: PÁGINA
K8: FECHA
L9: (Día) | M9: (Mes) | N9: (Año)
B10: ÍTEM BASE DE APU DE REFERENCIA: | E10: ⊠ | F10: PUBLICACIÓN: | H10: =+'621.3'!H10 -> #REF!
B12: ÍTEM DE PROYECTO PARTICULAR:
B13: ÍTEM DE LA PROPUESTA ECONÓMICA: | E13: □ | H13: ÍTEM NO PREVISTO: | J13: □ | K13: ÍTEM APU PARTICULAR: | M13: □
B14: UNIDAD EJECUTORA: | J14: DIRECCIÓN TERRITORIAL:
B17: CONTRATO No. | D17: FECHA:
B18: OBJETO DEL CONTRATO:
B21: CARRETERA: | J21: SECTOR:
B23: CONTRATISTA:
B25: INTERVENTOR: | K25: CONTRATO No. | M25: FECHA: | N25: ______________
B27: FECHA DE CIERRE DEL PROCESO DE SELECCIÓN DEL CONTRATO: | I27: / | J27: /
F28: (Día) | H28: (Día) | I28: (Mes) | J28: (Año)
B30: DATOS ESPECÍFICOS
B32: ÍTEM | C32: DESCRIPCIÓN | J32: GRUPO DE AJUSTE | L32: UNIDAD | N32: CANTIDAD
B33: 621.4 | C33: PERFORACION DE PRUEBA PARA BASE ACAMPANADA | L33: m3
B35: I. EQUIPO
B37: CÓDIGO | C37: DESCRIPCIÓN | J37: TIPO | K37: TARIFA/HORA | L37: RENDIMIENTO | N37: Vr. UNITARIO
N41: =K41*L41 -> 0
N42: =K42*L42 -> 0
N43: =K43*L43 -> 0
N44: =K44*L44 -> 0
N45: =K45*L45 -> 0
N46: =K46*L46 -> 0
N47: =K47*L47 -> 0
N48: =K48*L48 -> 0
N49: =K49*L49 -> 0
N50: =K50*L50 -> 0
N51: =K51*L51 -> 0
C52: HERRAMIENTA MENOR (%) | L52: 0.1
B53: SUBTOTAL $ | N53: =SUM(N38:N52) -> 0
B55: II. MATERIALES
B57: CÓDIGO | C57: DESCRIPCIÓN | J57: UNIDAD | K57: CANTIDAD | L57: PRECIO UNIT. | N57: Vr. UNITARIO
N66: =K66*L66 -> 0
N67: =K67*L67 -> 0
N68: =K68*L68 -> 0
N69: =K69*L69 -> 0
N70: =K70*L70 -> 0
N71: =K71*L71 -> 0
N72: =K72*L72 -> 0
B73: SUBTOTAL $ | N73: =SUM(N58:N72) -> 0
B75: III. TRANSPORTES
B77: CÓDIGO | C77: DESCRIPCIÓN | I77: UNIDAD | J77: CANTIDAD (1) | K77: DISTANCIA (2) | L77: (1) * (2) | M77: TARIFA | N77: Vr. UNITARIO
N78: =L78*M78 -> 0
N79: =L79*M79 -> 0
N80: =L80*M80 -> 0
N81: =L81*M81 -> 0
N82: =L82*M82 -> 0
B83: SUBTOTAL $ | N83: =SUM(N78:N82) -> 0
B85: IV. MANO DE OBRA
B87: CÓDIGO | C87: DESCRIPCIÓN | I87: JORNAL | J87: PRESTACIONES (%) | K87: JR. TOTAL | L87: RENDIMIENTO | N87: Vr. UNITARIO
B98: SUBTOTAL $ | N98: =SUM(N88:N97) -> 0
B100: TOTAL COSTO DIRECTO $ | N100: =N53+N73+N83+N98 -> 0
B102: V. COSTOS INDIRECTOS
B104: DESCRIPCIÓN | K104: Porcentaje | L104: Valor Total
B105: ADMINISTRACION | K105: 0.2 | L105: =K105*N100 -> 0
B106: IMPREVISTOS | K106: 0.05 | L106: =K106*N100 -> 0
B107: UTILIDAD | K107: 0.05 | L107: =K107*N100 -> 0
B108: SUBTOTAL $ | N108: =L105+L106+L107 -> 0
B110: Precio Unitario Total Aproximado al Peso $ | N110: =N100+N108 -> 0
E115: Firma
E116: Nombre:
E117: Representante Legal del Contratista o su Apoderado
E118: Matricula No. :
B120: OBSERVACIONES INTERVENTORÍA:
B125: APROBACIÓN POR INTERVENTORÍA
B126: Nota 1: Cuando se trate de Análisis de precios unitarios correspondientes a ítems de la propuesta económica aprobada, el Interventor aprueba el desglose de los componentes manteniendo el mismo precio unitario de cada ítem, cumpliendo con las especificaciones de construcción vigentes para el proyecto.
B128: Nota 2: Cuando se trate de Análisis de precios unitarios de ítems no previstos, el Interventor aprueba el desglose y precio unitario de cada ítem no previsto, exigiendo la aplicación de los costos correspondientes a insumos y tarifas de la propuesta económica inicial cuando estén contemplados, cumpliendo con las especificaciones de construcción vigente para el proyecto.
E134: Firma
E135: Nombre:
E136: Representante Legal del Interventor o su Apoderado
E137: Matricula No. :
B139: NOTA: Los documentos publicados periódicamente son propiedad del Instituto Nacional de Vías. Su uso con fines comerciales o de lucro a cualquier título sin previa autorización, está totalmente prohibido y constituye una infracción a la normatividad vigente.

Sheet 621.6
K1: CÓDIGO | L1: FR-APU-1
C2: INSTITUTO NACIONAL DE VIAS
C3: ANÁLISIS DE PRECIOS UNITARIOS DE REFERENCIA REGIONALIZADOS | K3: VERSIÓN | L3: 2021
C5: ACTUALIZACIÓN PERIÓDICA | K5: PÁGINA
K8: FECHA
L9: (Día) | M9: (Mes) | N9: (Año)
B10: ÍTEM BASE DE APU DE REFERENCIA: | E10: ⊠ | F10: PUBLICACIÓN: | H10: =+#REF! -> #REF!
B12: ÍTEM DE PROYECTO PARTICULAR:
B13: ÍTEM DE LA PROPUESTA ECONÓMICA: | E13: □ | H13: ÍTEM NO PREVISTO: | J13: □ | K13: ÍTEM APU PARTICULAR: | M13: □
B14: UNIDAD EJECUTORA: | J14: DIRECCIÓN TERRITORIAL:
B17: CONTRATO No. | D17: FECHA:
B18: OBJETO DEL CONTRATO:
B21: CARRETERA: | J21: SECTOR:
B23: CONTRATISTA:
B25: INTERVENTOR: | K25: CONTRATO No. | M25: FECHA: | N25: ______________
B27: FECHA DE CIERRE DEL PROCESO DE SELECCIÓN DEL CONTRATO: | I27: / | J27: /
F28: (Día) | H28: (Día) | I28: (Mes) | J28: (Año)
B30: DATOS ESPECÍFICOS
B32: ÍTEM | C32: DESCRIPCIÓN | J32: GRUPO DE AJUSTE | L32: UNIDAD | N32: CANTIDAD
B33: 621.6 | C33: PRUEBA DE CARGA TIPO _______ (Analizado para PRUEBA TIPO ESTATICA BIDIRECCIONAL (axial - lateral)) | L33: u
B35: I. EQUIPO
B37: CÓDIGO | C37: DESCRIPCIÓN | J37: TIPO | K37: TARIFA/HORA | L37: RENDIMIENTO | N37: Vr. UNITARIO
N45: =K45*L45 -> 0
N46: =K46*L46 -> 0
N47: =K47*L47 -> 0
N48: =K48*L48 -> 0
N49: =K49*L49 -> 0
N50: =K50*L50 -> 0
N51: =K51*L51 -> 0
C52: HERRAMIENTA MENOR (%) | L52: 0.1
B53: SUBTOTAL $ | N53: =SUM(N38:N52) -> 0
B55: II. MATERIALES
B57: CÓDIGO | C57: DESCRIPCIÓN | J57: UNIDAD | K57: CANTIDAD | L57: PRECIO UNIT. | N57: Vr. UNITARIO
N65: =K65*L65 -> 0
N66: =K66*L66 -> 0
N67: =K67*L67 -> 0
N68: =K68*L68 -> 0
N69: =K69*L69 -> 0
N70: =K70*L70 -> 0
N71: =K71*L71 -> 0
N72: =K72*L72 -> 0
B73: SUBTOTAL $ | N73: =SUM(N58:N72) -> 0
B75: III. TRANSPORTES
B77: CÓDIGO | C77: DESCRIPCIÓN | I77: UNIDAD | J77: CANTIDAD (1) | K77: DISTANCIA (2) | L77: (1) * (2) | M77: TARIFA | N77: Vr. UNITARIO
N78: =L78*M78 -> 0
N79: =L79*M79 -> 0
N80: =L80*M80 -> 0
N81: =L81*M81 -> 0
N82: =L82*M82 -> 0
B83: SUBTOTAL $ | N83: =SUM(N78:N82) -> 0
B85: IV. MANO DE OBRA
B87: CÓDIGO | C87: DESCRIPCIÓN | I87: JORNAL | J87: PRESTACIONES (%) | K87: JR. TOTAL | L87: RENDIMIENTO | N87: Vr. UNITARIO
B98: SUBTOTAL $ | N98: =SUM(N88:N97) -> 0
B100: TOTAL COSTO DIRECTO $ | N100: =N53+N73+N83+N98 -> 0
B102: V. COSTOS INDIRECTOS
B104: DESCRIPCIÓN | K104: Porcentaje | L104: Valor Total
B105: ADMINISTRACION | K105: 0.2 | L105: =K105*N100 -> 0
B106: IMPREVISTOS | K106: 0.05 | L106: =K106*N100 -> 0
B107: UTILIDAD | K107: 0.05 | L107: =K107*N100 -> 0
B108: SUBTOTAL $ | N108: =L105+L106+L107 -> 0
B110: Precio Unitario Total Aproximado al Peso $ | N110: =N100+N108 -> 0
E115: Firma
E116: Nombre:
E117: Representante Legal del Contratista o su Apoderado
E118: Matricula No. :
B120: OBSERVACIONES INTERVENTORÍA:
B125: APROBACIÓN POR INTERVENTORÍA
B126: Nota 1: Cuando se trate de Análisis de precios unitarios correspondientes a ítems de la propuesta económica aprobada, el Interventor aprueba el desglose de los componentes manteniendo el mismo precio unitario de cada ítem, cumpliendo con las especificaciones de construcción vigentes para el proyecto.
B128: Nota 2: Cuando se trate de Análisis de precios unitarios de ítems no previstos, el Interventor aprueba el desglose y precio unitario de cada ítem no previsto, exigiendo la aplicación de los costos correspondientes a insumos y tarifas de la propuesta económica inicial cuando estén contemplados, cumpliendo con las especificaciones de construcción vigente para el proyecto.
E134: Firma
E135: Nombre:
E136: Representante Legal del Interventor o su Apoderado
E137: Matricula No. :
B139: NOTA: Los documentos publicados periódicamente son propiedad del Instituto Nacional de Vías. Su uso con fines comerciales o de lucro a cualquier título sin previa autorización, está totalmente prohibido y constituye una infracción a la normatividad vigente.

Sheet 700.1
K1: CÓDIGO | L1: FR-APU-1
C2: INSTITUTO NACIONAL DE VIAS
C3: ANÁLISIS DE PRECIOS UNITARIOS DE REFERENCIA REGIONALIZADOS | K3: VERSIÓN | L3: 2021
C5: ACTUALIZACIÓN PERIÓDICA | K5: PÁGINA
K8: FECHA
L9: (Día) | M9: (Mes) | N9: (Año)
B10: ÍTEM BASE DE APU DE REFERENCIA: | E10: ⊠ | F10: PUBLICACIÓN: | H10: =+#REF! -> #REF!
B12: ÍTEM DE PROYECTO PARTICULAR:
B13: ÍTEM DE LA PROPUESTA ECONÓMICA: | E13: □ | H13: ÍTEM NO PREVISTO: | J13: □ | K13: ÍTEM APU PARTICULAR: | M13: □
B14: UNIDAD EJECUTORA: | J14: DIRECCIÓN TERRITORIAL:
B17: CONTRATO No. | D17: FECHA:
B18: OBJETO DEL CONTRATO:
B21: CARRETERA: | J21: SECTOR:
B23: CONTRATISTA:
B25: INTERVENTOR: | K25: CONTRATO No. | M25: FECHA: | N25: ______________
B27: FECHA DE CIERRE DEL PROCESO DE SELECCIÓN DEL CONTRATO: | I27: / | J27: /
F28: (Día) | H28: (Día) | I28: (Mes) | J28: (Año)
B30: DATOS ESPECÍFICOS
B32: ÍTEM | C32: DESCRIPCIÓN | J32: GRUPO DE AJUSTE | L32: UNIDAD | N32: CANTIDAD
B33: 700.1 | C33: LÍNEA DE DEMARCACIÓN CON PINTURA EN FRÍO | L33: m
B35: I. EQUIPO
B37: CÓDIGO | C37: DESCRIPCIÓN | J37: TIPO | K37: TARIFA/HORA | L37: RENDIMIENTO | N37: Vr. UNITARIO
B38: C0010120 | C38: Camioneta de estacas 4x4 | K38: =IFERROR(VLOOKUP(B38,EQUIPOS!$C$6:$G$151,5,0),0) -> 60656.116 | L38: =1/1692.25 -> 0.00059092924 | N38: =K38*L38 -> 35.843472
B39: C0010920 | C39: Vehículo delineador para aplicación de pintura con mínimo 2 boquillas (NTC 4744-2) | K39: =VLOOKUP(B39,EQUIPOS!$C$6:$G$137,5,0) -> 232706.13 | L39: =1/1692.25 -> 0.00059092924 | N39: =K39*L39 -> 137.51286
N40: =K40*L40 -> 0
N41: =K41*L41 -> 0
N42: =K42*L42 -> 0
N43: =K43*L43 -> 0
N44: =K44*L44 -> 0
N45: =K45*L45 -> 0
N46: =K46*L46 -> 0
N47: =K47*L47 -> 0
N48: =K48*L48 -> 0
N49: =K49*L49 -> 0
N50: =K50*L50 -> 0
N51: =K51*L51 -> 0
C52: HERRAMIENTA MENOR (%) | L52: 0.05 | N52: =L52*N98 -> 1.2417147
B53: SUBTOTAL $ | N53: =SUM(N38:N52) -> 174.59804
B55: II. MATERIALES
B57: CÓDIGO | C57: DESCRIPCIÓN | J57: UNIDAD | K57: CANTIDAD | L57: PRECIO UNIT. | N57: Vr. UNITARIO
B58: B0013940 | C58: Microesferas reflectivas de vidrio | J58: kg | K58: 0.0532 | L58: =VLOOKUP(B58,MATERIALES!$C$6:$F$373,4,0) -> 6922.6652 | N58: =K58*L58 -> 368.28579
B59: B0014740 | C59: Pintura acrílica pura para demarcacion vial. | J59: gl | K59: 0.013 | L59: =VLOOKUP(B59,MATERIALES!$C$6:$F$373,4,0) -> 142866.6 | N59: =K59*L59 -> 1857.2658
B60: B014002 | C60: Disolvente para pintura de demarcacion vial (XILOL) | J60: gl | K60: 0.00043 | L60: =VLOOKUP(B60,MATERIALES!$C$6:$F$373,4,0) -> 43914.567 | N60: =K60*L60 -> 18.883264
N61: =K61*L61 -> 0
N62: =K62*L62 -> 0
N63: =K63*L63 -> 0
N64: =K64*L64 -> 0
N65: =K65*L65 -> 0
N66: =K66*L66 -> 0
N67: =K67*L67 -> 0
N68: =K68*L68 -> 0
N69: =K69*L69 -> 0
N70: =K70*L70 -> 0
N71: =K71*L71 -> 0
N72: =K72*L72 -> 0
B73: SUBTOTAL $ | N73: =SUM(N58:N72) -> 2244.4348
B75: III. TRANSPORTES
B77: CÓDIGO | C77: DESCRIPCIÓN | I77: UNIDAD | J77: CANTIDAD (1) | K77: DISTANCIA (2) | L77: (1) * (2) | M77: TARIFA | N77: Vr. UNITARIO
N78: =L78*M78 -> 0
N79: =L79*M79 -> 0
N80: =L80*M80 -> 0
N81: =L81*M81 -> 0
N82: =L82*M82 -> 0
B83: SUBTOTAL $ | N83: =SUM(N78:N82) -> 0
B85: IV. MANO DE OBRA
B87: CÓDIGO | C87: DESCRIPCIÓN | I87: JORNAL | J87: PRESTACIONES (%) | K87: JR. TOTAL | L87: RENDIMIENTO | N87: Vr. UNITARIO
B88: A0030030 | C88: Obrero (3) | I88: =K88/J88*100 -> 116000 | J88: 185 | K88: =VLOOKUP(B88,'MANO DE OBRA'!$C$15:$F$79,4,0) -> 214600 | L88: 13538 | N88: =K88/L88 -> 15.851677
B89: A0040010 | C89: Oficial | I89: =K89/J89*100 -> 65733.333 | J89: 185 | K89: =VLOOKUP(B89,'MANO DE OBRA'!$C$15:$F$79,4,0) -> 121606.67 | L89: 13538 | N89: =K89/L89 -> 8.9826168
B98: SUBTOTAL $ | N98: =SUM(N88:N97) -> 24.834294
B100: TOTAL COSTO DIRECTO $ | N100: =N53+N73+N83+N98 -> 2443.8672
B102: V. COSTOS INDIRECTOS
B104: DESCRIPCIÓN | K104: Porcentaje | L104: Valor Total
B105: ADMINISTRACION | K105: 0.2 | L105: =K105*N100 -> 488.77343
B106: IMPREVISTOS | K106: 0.05 | L106: =K106*N100 -> 122.19336
B107: UTILIDAD | K107: 0.05 | L107: =K107*N100 -> 122.19336
B108: SUBTOTAL $ | N108: =L105+L106+L107 -> 733.16015
B110: Precio Unitario Total Aproximado al Peso $ | N110: =N100+N108 -> 3177.0273
E115: Firma
E116: Nombre:
E117: Representante Legal del Contratista o su Apoderado
E118: Matricula No. :
B120: OBSERVACIONES INTERVENTORÍA:
B125: APROBACIÓN POR INTERVENTORÍA
B126: Nota 1: Cuando se trate de Análisis de precios unitarios correspondientes a ítems de la propuesta económica aprobada, el Interventor aprueba el desglose de los componentes manteniendo el mismo precio unitario de cada ítem, cumpliendo con las especificaciones de construcción vigentes para el proyecto.
B128: Nota 2: Cuando se trate de Análisis de precios unitarios de ítems no previstos, el Interventor aprueba el desglose y precio unitario de cada ítem no previsto, exigiendo la aplicación de los costos correspondientes a insumos y tarifas de la propuesta económica inicial cuando estén contemplados, cumpliendo con las especificaciones de construcción vigente para el proyecto.
E134: Firma
E135: Nombre:
E136: Representante Legal del Interventor o su Apoderado
E137: Matricula No. :
B139: NOTA: Los documentos publicados periódicamente son propiedad del Instituto Nacional de Vías. Su uso con fines comerciales o de lucro a cualquier título sin previa autorización, está totalmente prohibido y constituye una infracción a la normatividad vigente.
